Workbook
Name Area_of_Concern___Patient_Rights: '[1]Summary and Table of Content'!$C$5

Sheet Score Card
B1: Hospital Score Card | E1: Version- 03/DWH/UP/19
B2: District Women Hospital ----------------------------------------------------------
B4: Departmental Scores
B5: Emergency | C5: OPD | D5: LABOUR ROOM (LaQshya) | E5: Maternity Ward
B6: =Emergency!C658 -> 0 | C6: =OPD!C681 -> 0 | D6: =' LR (LaQshya)'!D427 -> 0 | E6: ='Maternity Ward'!C647 -> 0
B7: SNCU | C7: THE QUALITY SCORE | E7: Post Partum Unit
B8: ='SNCU '!C697 -> 0 | C8: =(Emergency!B679+OPD!B702+' LR (LaQshya)'!B427+'Maternity Ward'!B667+'SNCU '!B718+'M-OT (LaQshya)'!B642+'PP Unit'!B710+Lab!B631+'Radiology '!B542+Pharmacy!B578+'Auxillary '!B608+General!B830)*100/(Emergency!C679+OPD!C702+' LR (LaQshya)'!C427+'Maternity Ward'!C667+'SNCU '!C718+'M-OT (LaQshya)'!C642+'PP Unit'!C710+Lab!C631+'Radiology '!C542+Pharmacy!C578+'Auxillary '!C608+General!C830) -> 0 | E8: ='PP Unit'!C690 -> 0
B9: M-OT (LaQshya) | E9: Laboratory
B10: ='M-OT (LaQshya)'!D642 -> 0 | E10: =Lab!C611 -> 0
B11: Radiology | C11: Pharmacy | D11: Auxillary | E11: General / Admin.
B12: ='Radiology '!C522 -> 0 | C12: =Pharmacy!C557 -> 0 | D12: ='Auxillary '!C588 -> 0 | E12: =General!C809 -> 0
B14: Thematic Scores
B15: Sevice Provision | C15: Patient Rights | D15: Inputs | E15: Support Services
B16: =(Emergency!B671+OPD!B694+' LR (LaQshya)'!B419+'Maternity Ward'!B659+'SNCU '!B710+'M-OT (LaQshya)'!B634+'PP Unit'!B702+Lab!B623+'Radiology '!B534+Pharmacy!B570+'Auxillary '!B600+General!B822)*100/(Emergency!C671+OPD!C694+' LR (LaQshya)'!C419+'Maternity Ward'!C659+'SNCU '!C710+'M-OT (LaQshya)'!C634+'PP Unit'!C702+Lab!C623+'Radiology '!C534+Pharmacy!C570+'Auxillary '!C600+General!C822) -> 0 | C16: =(Emergency!B672+OPD!B695+' LR (LaQshya)'!B420+'Maternity Ward'!B660+'SNCU '!B711+'M-OT (LaQshya)'!B635+'PP Unit'!B703+Lab!B624+'Radiology '!B535+Pharmacy!B571+'Auxillary '!B601+General!B823)*100/(Emergency!C672+OPD!C695+' LR (LaQshya)'!C420+'Maternity Ward'!C660+'SNCU '!C711+'M-OT (LaQshya)'!C635+'PP Unit'!C703+Lab!C624+'Radiology '!C535+Pharmacy!C571+'Auxillary '!C601+General!C823) -> 0 | D16: =(Emergency!B673+OPD!B696+' LR (LaQshya)'!B421+'Maternity Ward'!B661+'SNCU '!B712+'M-OT (LaQshya)'!B636+'PP Unit'!B704+Lab!B625+'Radiology '!B536+Pharmacy!B572+'Auxillary '!B602+General!B824)*100/(Emergency!C673+OPD!C696+' LR (LaQshya)'!C421+'Maternity Ward'!C661+'SNCU '!C712+'M-OT (LaQshya)'!C636+'PP Unit'!C704+Lab!C625+'Radiology '!C536+Pharmacy!C572+'Auxillary '!C602+General!C824) -> 0 | E16: =(Emergency!B674+OPD!B697+' LR (LaQshya)'!B422+'Maternity Ward'!B662+'SNCU '!B713+'M-OT (LaQshya)'!B637+'PP Unit'!B705+Lab!B626+'Radiology '!B537+Pharmacy!B573+'Auxillary '!B603+General!B825)*100/(Emergency!C674+OPD!C697+' LR (LaQshya)'!C422+'Maternity Ward'!C662+'SNCU '!C713+'M-OT (LaQshya)'!C637+'PP Unit'!C705+Lab!C626+'Radiology '!C537+Pharmacy!C573+'Auxillary '!C603+General!C825) -> 0
B17: Clinical Services | C17: Infection Control | D17: Quality Mangement | E17: Outcome
B18: =(Emergency!B675+OPD!B698+' LR (LaQshya)'!B423+'Maternity Ward'!B663+'SNCU '!B714+'M-OT (LaQshya)'!B638+'PP Unit'!B706+Lab!B627+'Radiology '!B538+Pharmacy!B574+'Auxillary '!B604+General!B826)*100/(Emergency!C675+OPD!C698+' LR (LaQshya)'!C423+'Maternity Ward'!C663+'SNCU '!C714+'M-OT (LaQshya)'!C638+'PP Unit'!C706+Lab!C627+'Radiology '!C538+Pharmacy!C574+'Auxillary '!C604+General!C826) -> 0 | C18: =(Emergency!B676+OPD!B699+' LR (LaQshya)'!B424+'Maternity Ward'!B664+'SNCU '!B715+'M-OT (LaQshya)'!B639+'PP Unit'!B707+Lab!B628+'Radiology '!B539+Pharmacy!B575+'Auxillary '!B605+General!B827)*100/(Emergency!C676+OPD!C699+' LR (LaQshya)'!C424+'Maternity Ward'!C664+'SNCU '!C715+'M-OT (LaQshya)'!C639+'PP Unit'!C707+Lab!C628+'Radiology '!C539+Pharmacy!C575+'Auxillary '!C605+General!C827) -> 0 | D18: =(Emergency!B677+OPD!B700+' LR (LaQshya)'!B425+'Maternity Ward'!B665+'SNCU '!B716+'M-OT (LaQshya)'!B640+'PP Unit'!B708+Lab!B629+'Radiology '!B540+Pharmacy!B576+'Auxillary '!B606+General!B828)*100/(Emergency!C677+OPD!C700+' LR (LaQshya)'!C425+'Maternity Ward'!C665+'SNCU '!C716+'M-OT (LaQshya)'!C640+'PP Unit'!C708+Lab!C629+'Radiology '!C540+Pharmacy!C576+'Auxillary '!C606+General!C828) -> 0 | E18: =(Emergency!B678+OPD!B701+' LR (LaQshya)'!B426+'Maternity Ward'!B666+'SNCU '!B717+'M-OT (LaQshya)'!B641+'PP Unit'!B709+Lab!B630+'Radiology '!B541+Pharmacy!B577+'Auxillary '!B607+General!B829)*100/(Emergency!C678+OPD!C701+' LR (LaQshya)'!C426+'Maternity Ward'!C666+'SNCU '!C717+'M-OT (LaQshya)'!C641+'PP Unit'!C709+Lab!C630+'Radiology '!C541+Pharmacy!C577+'Auxillary '!C607+General!C829) -> 0
B19: =B15 -> Sevice Provision | C19: =B16 -> 0
B20: =C15 -> Patient Rights | C20: =C16 -> 0
B21: =D15 -> Inputs | C21: =D16 -> 0
B22: =E15 -> Support Services | C22: =E16 -> 0
B23: =B17 -> Clinical Services | C23: =B18 -> 0
B24: =C17 -> Infection Control | C24: =C18 -> 0
B25: =D17 -> Quality Mangement | C25: =D18 -> 0
B26: =E17 -> Outcome | C26: =E18 -> 0
H29: PERCENTAGE
A30: Standard A1. | B30: Facility Provides Curative Services | H30: =(Emergency!H5+OPD!H5+' LR (LaQshya)'!H42+'Maternity Ward'!H5+'SNCU '!H5+'M-OT (LaQshya)'!H44+'PP Unit'!H5+'Radiology '!H5+Pharmacy!H5+General!H5)/(Emergency!I5+OPD!I5+' LR (LaQshya)'!I42+'Maternity Ward'!I5+'SNCU '!I5+'M-OT (LaQshya)'!I44+'PP Unit'!I5+'Radiology '!I5+Pharmacy!I5+General!I5)*100 -> 0
A31: Standard A2 | B31: Facility provides RMNCHA Services | H31: =(Emergency!H25+OPD!H33+' LR (LaQshya)'!H44+'Maternity Ward'!H24+'SNCU '!H24+'M-OT (LaQshya)'!H63+'PP Unit'!H25+'Radiology '!H25+General!H25)/(Emergency!I25+OPD!I33+' LR (LaQshya)'!I44+'Maternity Ward'!I24+'SNCU '!I24+'M-OT (LaQshya)'!I63+'PP Unit'!I25+'Radiology '!I25+General!I25)*100 -> 0
A32: Standard A3. | B32: Facility Provides diagnostic Services | H32: =(Emergency!H35+' LR (LaQshya)'!H54+'Maternity Ward'!H33+'SNCU '!H36+'M-OT (LaQshya)'!H70+'PP Unit'!H37+Lab!H31+'Radiology '!H31+General!H33)/(Emergency!I35+' LR (LaQshya)'!I54+'Maternity Ward'!I33+'SNCU '!I36+'M-OT (LaQshya)'!I70+'PP Unit'!I37+Lab!I31+'Radiology '!I31+General!I33)*100 -> 0
A33: Standard A4 | B33: Facility provides services as mandated in national Health Programs/ state scheme | H33: =(OPD!H45+'Maternity Ward'!H37+Pharmacy!H36+General!H38)/(OPD!I45+'Maternity Ward'!I37+Pharmacy!I36+General!I38)*100 -> 0
A34: Standard A5. | B34: Facility provides support services | H34: =(Emergency!H51+Pharmacy!H49+'Auxillary '!H46+General!H51)/(Emergency!I51+Pharmacy!I49+'Auxillary '!I46+General!I51)*100 -> 0
A35: Standard A6. | B35: Health services provided at the facility are appropriate to community needs. | H35: =(Emergency!H59+Lab!H64+General!H60)/(Emergency!I59+Lab!I64+General!I60)*100 -> 0
A36: Standard B1. | B36: Facility provides the information to care seekers, attendants & community about the available services and their modalities | H36: =(Emergency!H63+OPD!H76+' LR (LaQshya)'!H57+'Maternity Ward'!H61+'SNCU '!H64+'M-OT (LaQshya)'!H100+'PP Unit'!H65+Lab!H68+'Radiology '!H60+Pharmacy!H64+'Auxillary '!H59+General!H65)/(Emergency!I63+OPD!I76+' LR (LaQshya)'!I57+'Maternity Ward'!I61+'SNCU '!I64+'M-OT (LaQshya)'!I100+'PP Unit'!I65+Lab!I68+'Radiology '!I60+Pharmacy!I64+'Auxillary '!I59+General!I65)*100 -> 0
A37: Standard B2. | B37: Services are delivered in a manner that is sensitive to gender, religious, and cultural needs, and there are no barrier on account of physical economic, cultural or social reasons. | H37: =(Emergency!H76+OPD!H91+' LR (LaQshya)'!H62+'Maternity Ward'!H75+'M-OT (LaQshya)'!H108+'PP Unit'!H79+Lab!H79+'Radiology '!H71+Pharmacy!H76+General!H95)/(Emergency!I76+OPD!I91+' LR (LaQshya)'!I62+'Maternity Ward'!I75+'M-OT (LaQshya)'!I108+'PP Unit'!I79+Lab!I79+'Radiology '!I71+Pharmacy!I76+General!I95)*100 -> 0
A38: Standard B3. | B38: Facility maintains the privacy, confidentiality & Dignity of patient and related information. | H38: =(Emergency!H92+OPD!H102+' LR (LaQshya)'!H67+'Maternity Ward'!H85+'SNCU '!H85+'M-OT (LaQshya)'!H113+'PP Unit'!H88+Lab!H85+'Radiology '!H77+Pharmacy!H82+'Auxillary '!H74+General!H119)/(Emergency!I92+OPD!I102+' LR (LaQshya)'!I67+'Maternity Ward'!I85+'SNCU '!I85+'M-OT (LaQshya)'!I113+'PP Unit'!I88+Lab!I85+'Radiology '!I77+Pharmacy!I82+'Auxillary '!I74+General!I119)*100 -> 0
A39: Standard B4. | B39: Facility has defined and established procedures for informing and involving patient and their families about treatment and obtaining informed consent wherever it is required. | H39: =(Emergency!H98+OPD!H109+'M-OT (LaQshya)'!H119+'Maternity Ward'!H94+'SNCU '!H90+'M-OT (LaQshya)'!H119+'PP Unit'!H97+Lab!H90+'Radiology '!H82+Pharmacy!H87+'Auxillary '!H79+General!H124+' LR (LaQshya)'!H77)/(Emergency!I98+OPD!I109+' LR (LaQshya)'!I77+'Maternity Ward'!I94+'SNCU '!I90+'M-OT (LaQshya)'!I119+'PP Unit'!I97+Lab!I90+'Radiology '!I82+Pharmacy!I87+'Auxillary '!I79+General!I124+' LR (LaQshya)'!I77)*100 -> 0
A40: Standard B5. | B40: Facility ensures that there are no financial barrier to access and that there is financial protection given from cost of care. | H40: =(Emergency!H104+OPD!H116+' LR (LaQshya)'!H80+'Maternity Ward'!H101+'SNCU '!H98+'M-OT (LaQshya)'!H126+'PP Unit'!H105+Lab!H96+'Radiology '!H88+Pharmacy!H93+'Auxillary '!H85+General!H138)/(Emergency!I104+OPD!I116+' LR (LaQshya)'!I80+'Maternity Ward'!I101+'SNCU '!I98+'M-OT (LaQshya)'!I126+'PP Unit'!I105+Lab!I96+'Radiology '!I88+Pharmacy!I93+'Auxillary '!I85+General!I138)*100 -> 0
A41: Standard B6. | B41: Facility has defined framework for ethical management including dilemmas confronted during delivery of services at public health facilities | H41: =(Emergency!H111+'Maternity Ward'!H115+'SNCU '!H112+'PP Unit'!H114+General!H145)*100/(Emergency!I111+'Maternity Ward'!I115+'SNCU '!I112+'PP Unit'!I114+General!I145) -> 0
A42: Standard C1. | B42: The facility has infrastructure for delivery of assured services, and available infrastructure meets the prevalent norms | H42: =(Emergency!H126+OPD!H136+' LR (LaQshya)'!H83+'Maternity Ward'!H128+'SNCU '!H126+'M-OT (LaQshya)'!H143+'PP Unit'!H127+Lab!H117+'Radiology '!H108+Pharmacy!H114+'Auxillary '!H105+General!H158)/(Emergency!I126+OPD!I136+' LR (LaQshya)'!I83+'Maternity Ward'!I128+'SNCU '!I126+'M-OT (LaQshya)'!I143+'PP Unit'!I127+Lab!I117+'Radiology '!I108+Pharmacy!I114+'Auxillary '!I105+General!I158)*100 -> 0
A43: Standard C2. | B43: The facility ensures the physical safety of the infrastructure. | H43: =(Emergency!H155+OPD!H161+' LR (LaQshya)'!H98+'Maternity Ward'!H153+'SNCU '!H153+'M-OT (LaQshya)'!H160+'PP Unit'!H151+Lab!H133+'Radiology '!H123+Pharmacy!H129+'Auxillary '!H120+General!H187)/(Emergency!I155+OPD!I161+' LR (LaQshya)'!I98+'Maternity Ward'!I153+'SNCU '!I153+'M-OT (LaQshya)'!I160+'PP Unit'!I151+Lab!I133+'Radiology '!I123+Pharmacy!I129+'Auxillary '!I120+General!I187)*100 -> 0
A44: Standard C3. | B44: The facility has established Programme for fire safety and other disaster | H44: =(Emergency!H161+OPD!H167+' LR (LaQshya)'!H102+'Maternity Ward'!H159+'SNCU '!H168+'M-OT (LaQshya)'!H167+'PP Unit'!H158+Lab!H141+'Radiology '!H130+Pharmacy!H136+'Auxillary '!H126+General!H210)/(Emergency!I161+OPD!I167+' LR (LaQshya)'!I102+'Maternity Ward'!I159+'SNCU '!I168+'M-OT (LaQshya)'!I167+'PP Unit'!I158+Lab!I141+'Radiology '!I130+Pharmacy!I136+'Auxillary '!I126+General!I210)*100 -> 0
A45: Standard C4. | B45: The facility has adequate qualified and trained staff, required for providing the assured services to the current case load | H45: =(Emergency!H167+OPD!H173+' LR (LaQshya)'!H106+'Maternity Ward'!H165+'SNCU '!H176+'M-OT (LaQshya)'!H171+'PP Unit'!H164+Lab!H148+'Radiology '!H136+Pharmacy!H143+'Auxillary '!H133+General!H221)/(Emergency!I167+OPD!I173+' LR (LaQshya)'!I106+'Maternity Ward'!I165+'SNCU '!I176+'M-OT (LaQshya)'!I171+'PP Unit'!I164+Lab!I148+'Radiology '!I136+Pharmacy!I143+'Auxillary '!I133+General!I221)*100 -> 0
A46: Standard C5. | B46: Facility provides drugs and consumables required for assured list of services. | H46: =(Emergency!H176+OPD!H184+' LR (LaQshya)'!H112+'Maternity Ward'!H173+'SNCU '!H184+'M-OT (LaQshya)'!H178+'PP Unit'!H172+Lab!H157+'Radiology '!H143+Pharmacy!H149+'Auxillary '!H143+General!H240)/(Emergency!I176+OPD!I184+' LR (LaQshya)'!I112+'Maternity Ward'!I173+'SNCU '!I184+'M-OT (LaQshya)'!I178+'PP Unit'!I172+Lab!I157+'Radiology '!I143+Pharmacy!I149+'Auxillary '!I143+General!I240)*100 -> 0
A47: Standard C6. | B47: The facility has equipment & instruments required for assured list of services. | H47: =(Emergency!H194+OPD!H190+' LR (LaQshya)'!H121+'Maternity Ward'!H186+'SNCU '!H196+'M-OT (LaQshya)'!H190+'PP Unit'!H184+Lab!H164+'Radiology '!H147+Pharmacy!H171+'Auxillary '!H148+General!H244)/(Emergency!I194+OPD!I190+' LR (LaQshya)'!I121+'Maternity Ward'!I186+'SNCU '!I196+'M-OT (LaQshya)'!I190+'PP Unit'!I184+Lab!I164+'Radiology '!I147+Pharmacy!I171+'Auxillary '!I148+General!I244)*100 -> 0
A48: Standard C7. | B48: Facility has a defined and established procedure for effective utilization, evaluation and augmentation of competence and performance of staff | H48: =(' LR (LaQshya)'!H136+'M-OT (LaQshya)'!H204)+Emergency!H208+OPD!H205+'Maternity Ward'!H198+'SNCU '!H209+'PP Unit'!H202+Lab!H181+'Radiology '!H158+Pharmacy!H179+'Auxillary '!H161+General!H254/(' LR (LaQshya)'!I136+'M-OT (LaQshya)'!I204+Emergency!I208+OPD!I205+'Maternity Ward'!I198+'SNCU '!I209+'PP Unit'!I202+Lab!I181+'Radiology '!I158+Pharmacy!I179+'Auxillary '!I161+General!I254)*100 -> 0
A49: Standard D1. | B49: The facility has established Programme for inspection, testing and maintenance and calibration of Equipment. | H49: =(Emergency!H221+OPD!H220+' LR (LaQshya)'!H145+'Maternity Ward'!H216+'SNCU '!H228+'M-OT (LaQshya)'!H220+'PP Unit'!H229+Lab!H199+'Radiology '!H173+Pharmacy!H196+'Auxillary '!H177+General!H276)/(Emergency!I221+OPD!I220+' LR (LaQshya)'!I145+'Maternity Ward'!I216+'SNCU '!I228+'M-OT (LaQshya)'!I220+'PP Unit'!I229+Lab!I199+'Radiology '!I173+Pharmacy!I196+'Auxillary '!I177+General!I276)*100 -> 0
A50: Standard D2. | B50: The facility has defined procedures for storage, inventory management and dispensing of drugs in pharmacy and patient care areas | H50: =(Emergency!H227+OPD!H225+' LR (LaQshya)'!H150+'Maternity Ward'!H221+'SNCU '!H237+'M-OT (LaQshya)'!H226+'PP Unit'!H236+Lab!H211+'Radiology '!H182+Pharmacy!H201+General!H287)/(Emergency!I227+OPD!I225+' LR (LaQshya)'!I150+'Maternity Ward'!I221+'SNCU '!I237+'M-OT (LaQshya)'!I226+'PP Unit'!I236+Lab!I211+'Radiology '!I182+Pharmacy!I201+General!I287)*100 -> 0
A51: Standard D3. | B51: The facility provides safe, secure and comfortable environment to staff, patients and visitors. | H51: =(Emergency!H244+OPD!H240+' LR (LaQshya)'!H159+'Maternity Ward'!H235+'SNCU '!H254+'M-OT (LaQshya)'!H237+'PP Unit'!H250+Lab!H225+'Radiology '!H192+Pharmacy!H241+'Auxillary '!H191+General!H297)/(Emergency!I244+OPD!I240+' LR (LaQshya)'!I159+'Maternity Ward'!I235+'SNCU '!I254+'M-OT (LaQshya)'!I237+'PP Unit'!I250+Lab!I225+'Radiology '!I192+Pharmacy!I241+'Auxillary '!I191+General!I297)*100 -> 0
A52: Standard D4. | B52: The facility has established Programme for maintenance and upkeep of the facility | H52: =(Emergency!H253+OPD!H250+' LR (LaQshya)'!H165+'Maternity Ward'!H245+'SNCU '!H268+'M-OT (LaQshya)'!H243+'PP Unit'!H260+Lab!H235+'Radiology '!H199+Pharmacy!H248+'Auxillary '!H203+General!H323)/(Emergency!I253+OPD!I250+' LR (LaQshya)'!I165+'Maternity Ward'!I245+'SNCU '!I268+'M-OT (LaQshya)'!I243+'PP Unit'!I260+Lab!I235+'Radiology '!I199+Pharmacy!I248+'Auxillary '!I203+General!I323)*100 -> 0
A53: Standard D5. | B53: The facility ensures 24X7 water and power backup as per requirement of service delivery, and support services norms | H53: =(Emergency!H266+OPD!H263+' LR (LaQshya)'!H173+'Maternity Ward'!H258+'SNCU '!H281+'M-OT (LaQshya)'!H253+'PP Unit'!H273+Lab!H246+'Radiology '!H210+Pharmacy!H259+'Auxillary '!H216+General!H351)/(Emergency!I266+OPD!I263+' LR (LaQshya)'!I173+'Maternity Ward'!I258+'SNCU '!I281+'M-OT (LaQshya)'!I253+'PP Unit'!I273+Lab!I246+'Radiology '!I210+Pharmacy!I259+'Auxillary '!I216+General!I351)*100 -> 0
A54: StandardD6 | B54: Dietary services are available as per service provision and nutritional requirement of the patients. | H54: =(OPD!H267+'Maternity Ward'!H263+'SNCU '!H287+'Auxillary '!H220)/(OPD!I267+'Maternity Ward'!I263+'SNCU '!I287+'Auxillary '!I220)*100 -> 0
A55: Standard D7. | B55: The facility ensures clean linen to the patients | H55: =(Emergency!H276+OPD!H271+' LR (LaQshya)'!H176+'Maternity Ward'!H268+'SNCU '!H292+'M-OT (LaQshya)'!H262+'PP Unit'!H284+'Auxillary '!H236+General!H380)/(Emergency!I276+OPD!I271+' LR (LaQshya)'!I176+'Maternity Ward'!I268+'SNCU '!I292+'M-OT (LaQshya)'!I262+'PP Unit'!I284+'Auxillary '!I236+General!I380)*100 -> 0
A56: Standard D8 | B56: The facility has defined and established procedures for promoting public participation in management of hospital transparency and accountability. | H56: =(General!H384)/(General!I384)*100 -> 0
A57: Standard D9 | B57: Hospital has defined and established procedures for Financial Management | H57: =(General!H395)/(General!I395)*100 -> 0
A58: Standard D10. | B58: Facility is compliant with all statutory and regulatory requirement imposed by local, state or central government | H58: =(Emergency!H286+'PP Unit'!H295+Lab!H264+'Radiology '!H229+Pharmacy!H278+General!H404)/(Emergency!I286+'PP Unit'!I295+Lab!I264+'Radiology '!I229+Pharmacy!I278+General!I404)*100 -> 0
A59: Standard D11. | B59: Roles & Responsibilities of administrative and clinical staff are determined as per govt. regulations and standards operating procedures. | H59: =(Emergency!H290+OPD!H285+' LR (LaQshya)'!H179+'Maternity Ward'!H284+'SNCU '!H308+'M-OT (LaQshya)'!H277+'PP Unit'!H299+Lab!H268+'Radiology '!H235+Pharmacy!H282+'Auxillary '!H262+General!H421)/(Emergency!I290+OPD!I285+' LR (LaQshya)'!I179+'Maternity Ward'!I284+'SNCU '!I308+'M-OT (LaQshya)'!I277+'PP Unit'!I299+Lab!I268+'Radiology '!I235+Pharmacy!I282+'Auxillary '!I262+General!I421)*100 -> 0
A60: Standard D12 | B60: Facility has established procedure for monitoring the quality of outsourced services and adheres to contractual obligations | H60: =(Emergency!H295+OPD!H290+'Maternity Ward'!H289+'SNCU '!H313+'PP Unit'!H304+Lab!H274+'Radiology '!H240+Pharmacy!H287+'Auxillary '!H270+General!H441)/(Emergency!I295+OPD!I290+'Maternity Ward'!I289+'SNCU '!I313+'PP Unit'!I304+Lab!I274+'Radiology '!I240+Pharmacy!I287+'Auxillary '!I270+General!I441)*100 -> 0
A61: Standard E1. | B61: The facility has defined procedures for registration, consultation and admission of patients. | H61: =(Emergency!H299+OPD!H294+' LR (LaQshya)'!H184+'Maternity Ward'!H293+'SNCU '!H318+'PP Unit'!H308+Lab!H278+'Radiology '!H244+General!H452)/(Emergency!I299+OPD!I294+' LR (LaQshya)'!I184+'Maternity Ward'!I293+'SNCU '!I318+'PP Unit'!I308+Lab!I278+'Radiology '!I244+General!I452)*100 -> 0
A62: Standard E2. | B62: The facility has defined and established procedures for clinical assessment and reassessment of the patients. | H62: =(Emergency!H313+OPD!H308+' LR (LaQshya)'!H189+'Maternity Ward'!H302+'SNCU '!H327+'M-OT (LaQshya)'!H290+'PP Unit'!H318)/(Emergency!I313+OPD!I308+' LR (LaQshya)'!I189+'Maternity Ward'!I302+'SNCU '!I327+'M-OT (LaQshya)'!I290+'PP Unit'!I318)*100 -> 0
A63: Standard E3. | B63: Facility has defined and established procedures for continuity of care of patient and referral | H63: =(Emergency!H318+OPD!H311+' LR (LaQshya)'!H195+'Maternity Ward'!H311+'SNCU '!H336+'M-OT (LaQshya)'!H293+'PP Unit'!H332+Lab!H287+'Radiology '!H253+General!H462)/(Emergency!I318+OPD!I311+' LR (LaQshya)'!I195+'Maternity Ward'!I311+'SNCU '!I336+'M-OT (LaQshya)'!I293+'PP Unit'!I332+Lab!I287+'Radiology '!I253+General!I462)*100 -> 0
A64: Standard E4. | B64: The facility has defined and established procedures for nursing care | H64: =(Emergency!H330+'M-OT (LaQshya)'!H206+'Maternity Ward'!H323+'SNCU '!H346+'M-OT (LaQshya)'!H298+'PP Unit'!H332+Lab!H293+General!H474+' LR (LaQshya)'!H206)/(Emergency!I330+' LR (LaQshya)'!I206+'Maternity Ward'!I323+'SNCU '!I346+'M-OT (LaQshya)'!I298+'PP Unit'!I332+Lab!I293+General!I474+' LR (LaQshya)'!I206)*100 -> 0
A65: Standard E5. | B65: Facility has a procedure to identify high risk and vulnerable patients. | H65: =(Emergency!H340+OPD!H327+' LR (LaQshya)'!H212+'Maternity Ward'!H333+'SNCU '!H356+'M-OT (LaQshya)'!H303+'PP Unit'!H340+'Radiology '!H264+General!H480)/(Emergency!I340+OPD!I327+' LR (LaQshya)'!I212+'Maternity Ward'!I333+'SNCU '!I356+'M-OT (LaQshya)'!I303+'PP Unit'!I340+'Radiology '!I264+General!I480)*100 -> 0
A66: Standard E6. | B66: Facility follows standard treatment guidelines defined by state/Central government for prescribing the generic drugs & their rational use. | H66: =(Emergency!H343+OPD!H330+' LR (LaQshya)'!H215+'Maternity Ward'!H336+'SNCU '!H359+'M-OT (LaQshya)'!H306+'PP Unit'!H343+Pharmacy!H313+General!H483)/(Emergency!I343+OPD!I330+' LR (LaQshya)'!I215+'Maternity Ward'!I336+'SNCU '!I359+'M-OT (LaQshya)'!I306+'PP Unit'!I343+Pharmacy!I313+General!I483)*100 -> 0
A67: Standard E7. | B67: Facility has defined procedures for safe drug administration | H67: =(Emergency!H349+OPD!H337+' LR (LaQshya)'!H219+'Maternity Ward'!H342+'SNCU '!H365+'M-OT (LaQshya)'!H310+'PP Unit'!H349+Pharmacy!H323+General!H491)/(Emergency!I349+OPD!I337+' LR (LaQshya)'!I219+'Maternity Ward'!I342+'SNCU '!I365+'M-OT (LaQshya)'!I310+'PP Unit'!I349+Pharmacy!I323+General!I491)*100 -> 0
A68: Standard E8. | B68: Facility has defined and established procedures for maintaining, updating of patients’ clinical records and their storage | H68: =(Emergency!H361+OPD!H347+' LR (LaQshya)'!H227+'Maternity Ward'!H354+'SNCU '!H379+'M-OT (LaQshya)'!H310+'PP Unit'!H361+Lab!H312+'Radiology '!H276+Pharmacy!H329+'Auxillary '!H304+General!H494)/(Emergency!I361+OPD!I347+' LR (LaQshya)'!I227+'Maternity Ward'!I354+'SNCU '!I379+'M-OT (LaQshya)'!I319+'PP Unit'!I361+Lab!I312+'Radiology '!I276+Pharmacy!I329+'Auxillary '!I304+General!I494)*100 -> 0
A69: Standard E9. | B69: The facility has defined and established procedures for discharge of patient. | H69: =(Emergency!H370+'Maternity Ward'!H363+'SNCU '!H388+'PP Unit'!H373)/(Emergency!I370+'Maternity Ward'!I363+'SNCU '!I388+'PP Unit'!I373)*100 -> 0
A70: Standard E10. | B70: The facility has defined and established procedures for intensive care. | H70: =('SNCU '!H400)/('SNCU '!I400)*100 -> 0
A71: Standard E11. | B71: The facility has defined and established procedures for Emergency Services and Disaster Management | H71: =(Emergency!H383+OPD!H365+'Maternity Ward'!H378+'SNCU '!H404+'M-OT (LaQshya)'!H338+'PP Unit'!H388+Lab!H330+'Radiology '!H293+Pharmacy!H347+'Auxillary '!H333+General!H512)/(Emergency!I383+OPD!I365+'Maternity Ward'!I378+'SNCU '!I404+'M-OT (LaQshya)'!I338+'PP Unit'!I388+Lab!I330+'Radiology '!I293+Pharmacy!I347+'Auxillary '!I333+General!I512)*100 -> 0
A72: Standard E12. | B72: The facility has defined and established procedures of diagnostic services | H72: =(Emergency!H410+OPD!H372+' LR (LaQshya)'!H235+'Maternity Ward'!H385+'SNCU '!H417+'M-OT (LaQshya)'!H344+'PP Unit'!H395+Lab!H337+'Radiology '!H300)/(Emergency!I410+OPD!I372+' LR (LaQshya)'!I235+'Maternity Ward'!I385+'SNCU '!I417+'M-OT (LaQshya)'!I344+'PP Unit'!I395+Lab!I337+'Radiology '!I300)*100 -> 0
A73: Standard E13. | B73: The facility has defined and established procedures for Blood Bank/Storage Management and Transfusion. | H73: =(Emergency!H414+' LR (LaQshya)'!H237+'Maternity Ward'!H389+'SNCU '!H421+'M-OT (LaQshya)'!H348)/(Emergency!I414+' LR (LaQshya)'!I237+'Maternity Ward'!I389+'SNCU '!I421+'M-OT (LaQshya)'!I348)*100 -> 0
A74: Standard E14 | B74: Facility has established procedures for Anaesthetic Services | H74: =('Maternity Ward'!H404+'M-OT (LaQshya)'!H361+'PP Unit'!H410)/('Maternity Ward'!I404+'M-OT (LaQshya)'!I361+'PP Unit'!I410)*100 -> 0
A75: Standard E15. | B75: Facility has defined and established procedures of Surgical Services | H75: =(Emergency!H433+'M-OT (LaQshya)'!H374)/(Emergency!I433+'M-OT (LaQshya)'!I374)*100 -> 0
A76: Standard E16. | B76: The facility has defined and established procedures for end of life care and death | H76: =(Emergency!H439+' LR (LaQshya)'!H239+'Maternity Ward'!H413+'SNCU '!H445+'M-OT (LaQshya)'!H396+'PP Unit'!H423+General!H543)/(Emergency!I439+' LR (LaQshya)'!I239+'Maternity Ward'!I413+'SNCU '!I445+'M-OT (LaQshya)'!I396+'PP Unit'!I423+General!I543)*100 -> 0
A77: Standard E17 | B77: Facility has established procedures for Antenatal care as per guidelines | H77: =(OPD!H402+'Maternity Ward'!H420+'PP Unit'!H429)/(OPD!I402+'Maternity Ward'!I420+'PP Unit'!I429)*100 -> 0
A78: Standard E18 | B78: Facility has established procedures for Intranatal care as per guidelines | H78: =(' LR (LaQshya)'!H242+'M-OT (LaQshya)'!H408)/(' LR (LaQshya)'!I242+'M-OT (LaQshya)'!I408)*100 -> 0
A79: Standard E19 | B79: Facility has established procedures for postnatal care as per guidelines | H79: =(' LR (LaQshya)'!H280+'Maternity Ward'!H436+'M-OT (LaQshya)'!H428)/(' LR (LaQshya)'!I280+'Maternity Ward'!I436+'M-OT (LaQshya)'!I428)*100 -> 0
A80: Standard E20 | B80: The facility has established procedures for care of new born, infant and child as per guidelines | H80: =(OPD!H439+'Maternity Ward'!H447+'SNCU '!H471+General!H565)/(OPD!I439+'Maternity Ward'!I447+'SNCU '!I471+General!I565)*100 -> 0
A81: Standard E21 | B81: Facility has established procedures for abortion and family planning as per government guidelines and law | H81: =('PP Unit'!H455)/('PP Unit'!I455)*100 -> 0
A82: Standard E22 | B82: Facility provides Adolescent Reproductive and Sexual Health services as per guidelines | H82: =(OPD!H474)/(OPD!I474)*100 -> 0
A83: Standard E23 | B83: Facility provides National health program as per operational/Clinical Guidelines | H83: =(OPD!H491+Lab!H417)/(OPD!I491+Lab!I417)*100 -> 0
A84: Standard F1. | B84: Facility has infection control program and procedures in place for prevention and measurement of hospital associated infection | H84: =(Emergency!H497+OPD!H521+' LR (LaQshya)'!H290+'Maternity Ward'!H480+'SNCU '!H505+'M-OT (LaQshya)'!H471+'PP Unit'!H498+Lab!H429+'Radiology '!H389+Pharmacy!H433+'Auxillary '!H419+General!H598)/(Emergency!I497+OPD!I521+' LR (LaQshya)'!I290+'Maternity Ward'!I480+'SNCU '!I505+'M-OT (LaQshya)'!I471+'PP Unit'!I498+Lab!I429+'Radiology '!I389+Pharmacy!I433+'Auxillary '!I419+General!I598)*100 -> 0
A85: Standard F2. | B85: Facility has defined and Implemented procedures for ensuring hand hygiene practices and antisepsis | H85: =(Emergency!H505+OPD!H529+' LR (LaQshya)'!H294+'Maternity Ward'!H488+'SNCU '!H513+'M-OT (LaQshya)'!H478+'PP Unit'!H506+Lab!H438+'Radiology '!H397+'Auxillary '!H427+General!H623)/(Emergency!I505+OPD!I529+' LR (LaQshya)'!I294+'Maternity Ward'!I488+'SNCU '!I513+'M-OT (LaQshya)'!I478+'PP Unit'!I506+Lab!I438+'Radiology '!I397+'Auxillary '!I427+General!I623)*100 -> 0
A86: Standard F3. | B86: Facility ensures standard practices and materials for Personal protection | H86: =(Emergency!H515+OPD!H539+' LR (LaQshya)'!H302+'Maternity Ward'!H498+'SNCU '!H526+'M-OT (LaQshya)'!H491+'PP Unit'!H523+Lab!H450+'Radiology '!H406+'Auxillary '!H435+General!H627)/(Emergency!I515+OPD!I539+' LR (LaQshya)'!I302+'Maternity Ward'!I498+'SNCU '!I526+'M-OT (LaQshya)'!I491+'PP Unit'!I523+Lab!I450+'Radiology '!I406+'Auxillary '!I435+General!I627)*100 -> 0
A87: Standard F4. | B87: Facility has standard Procedures for processing of equipments and instruments | H87: =(Emergency!H521+OPD!H544+' LR (LaQshya)'!H311+'Maternity Ward'!H503+'SNCU '!H535+'M-OT (LaQshya)'!H500+'PP Unit'!H533+Lab!H456+'Radiology '!H410+'Auxillary '!H442+General!H634)/(Emergency!I521+OPD!I544+' LR (LaQshya)'!I311+'Maternity Ward'!I503+'SNCU '!I535+'M-OT (LaQshya)'!I500+'PP Unit'!I533+Lab!I456+'Radiology '!I410+'Auxillary '!I442+General!I634)*100 -> 0
A88: Standard F5. | B88: Physical layout and environmental control of the patient care areas ensures infection prevention | H88: =(Emergency!H521+OPD!H544+' LR (LaQshya)'!H318+'Maternity Ward'!H503+'SNCU '!H535+'M-OT (LaQshya)'!H516+'PP Unit'!H533+Lab!H456+'Radiology '!H410+'Auxillary '!H442+General!H483)/(Emergency!I521+OPD!I544+' LR (LaQshya)'!I318+'Maternity Ward'!I503+'SNCU '!I535+'M-OT (LaQshya)'!I516+'PP Unit'!I533+Lab!I456+'Radiology '!I410+'Auxillary '!I442+General!I483)*100 -> 0
A89: Standard F6. | B89: Facility has defined and established procedures for segregation, collection, treatment and disposal of Bio Medical and hazardous Waste. | H89: =(Emergency!H544+OPD!H567+' LR (LaQshya)'!H324+'Maternity Ward'!H524+'SNCU '!H568+'M-OT (LaQshya)'!H532+'PP Unit'!H571+Lab!H475+'Radiology '!H425+Pharmacy!H458+'Auxillary '!H462+General!H644)/(Emergency!I544+OPD!I567+' LR (LaQshya)'!I324+'Maternity Ward'!I524+'SNCU '!I568+'M-OT (LaQshya)'!I532+'PP Unit'!I571+Lab!I475+'Radiology '!I425+Pharmacy!I458+'Auxillary '!I462+General!I644)*100 -> 0
A90: Standard G1 | B90: The facility has established organizational framework for quality improvement | H90: =(Emergency!H561+OPD!H583+' LR (LaQshya)'!H334+'Maternity Ward'!H540+'SNCU '!H585+'M-OT (LaQshya)'!H543+'PP Unit'!H588+Lab!H493+'Radiology '!H435+Pharmacy!H466+'Auxillary '!H473+General!H667)/(Emergency!I561+OPD!I583+' LR (LaQshya)'!I334+'Maternity Ward'!I540+'SNCU '!I585+'M-OT (LaQshya)'!I543+'PP Unit'!I588+Lab!I493+'Radiology '!I435+Pharmacy!I466+'Auxillary '!I473+General!I667)*100 -> 0
A91: Standard G2 | B91: Facility has established system for patient and employee satisfaction | H91: =(OPD!H586+'Maternity Ward'!H543+'SNCU '!H589+'PP Unit'!H591+Lab!H496+'Radiology '!H438+'Auxillary '!H476+General!H683+' LR (LaQshya)'!H336)/(OPD!I586+'Maternity Ward'!I543+'SNCU '!I589+'PP Unit'!I591+Lab!I496+'Radiology '!I438+'Auxillary '!I476+General!I683+' LR (LaQshya)'!I336)*100 -> 0
A92: Standard G3. | B92: Facility have established internal and external quality assurance programs wherever it is critical to quality. | H92: =(Emergency!H568+OPD!H590+' LR (LaQshya)'!H340+'Maternity Ward'!H547+'SNCU '!H592+'M-OT (LaQshya)'!H550+'PP Unit'!H595+Lab!H501+'Radiology '!H443+Pharmacy!H473+'Auxillary '!H481+General!H697)/(Emergency!I568+OPD!I590+' LR (LaQshya)'!I340+'Maternity Ward'!I547+'SNCU '!I592+'M-OT (LaQshya)'!I550+'PP Unit'!I595+Lab!I501+'Radiology '!I443+Pharmacy!I473+'Auxillary '!I481+General!I697)*100 -> 0
A93: Standard G4. | B93: Facility has established, documented implemented and maintained Standard Operating Procedures for all key processes and support services. | H93: =(Emergency!H574+OPD!H596+' LR (LaQshya)'!H343+'Maternity Ward'!H552+'SNCU '!H597+'M-OT (LaQshya)'!H554+'PP Unit'!H600+Lab!H514+'Radiology '!H448+Pharmacy!H478+'Auxillary '!H486+General!H702)/(Emergency!I574+OPD!I596+' LR (LaQshya)'!I343+'Maternity Ward'!I552+'SNCU '!I597+'M-OT (LaQshya)'!I554+'PP Unit'!I600+Lab!I514+'Radiology '!I448+Pharmacy!I478+'Auxillary '!I486+General!I702)*100 -> 0
A94: Standard G5. | B94: Facility maps its key processes and seeks to make them more efficient by reducing non value adding activities and wastages | H94: =(Emergency!H592+OPD!H614+' LR (LaQshya)'!H358+'Maternity Ward'!H575+'SNCU '!H622+'M-OT (LaQshya)'!H567+'PP Unit'!H619+Lab!H541+'Radiology '!H461+Pharmacy!H496+'Auxillary '!H523+General!H714)/(Emergency!I592+OPD!I614+' LR (LaQshya)'!I358+'Maternity Ward'!I575+'SNCU '!I622+'M-OT (LaQshya)'!I567+'PP Unit'!I619+Lab!I541+'Radiology '!I461+Pharmacy!I496+'Auxillary '!I523+General!I714)*100 -> 0
A95: Standard G6. | B95: The facility has established system of periodic review as internal assessment , medical & death audit and prescription audit | H95: =(Emergency!H596+OPD!H618+' LR (LaQshya)'!H362+'Maternity Ward'!H579+'SNCU '!H626+'M-OT (LaQshya)'!H571+'PP Unit'!H623+Lab!H545+'Radiology '!H465+Pharmacy!H500+'Auxillary '!H527+General!H718)/(Emergency!I596+OPD!I618+' LR (LaQshya)'!I362+'Maternity Ward'!I579+'SNCU '!I626+'M-OT (LaQshya)'!I571+'PP Unit'!I623+Lab!I545+'Radiology '!I465+Pharmacy!I500+'Auxillary '!I527+General!I718)*100 -> 0
A96: Standard G7. | B96: The facility has defined and established Quality Policy & Quality Objectives | H96: =(Emergency!H604+OPD!H625+' LR (LaQshya)'!H370+'Maternity Ward'!H588+'SNCU '!H634+'M-OT (LaQshya)'!H578+'PP Unit'!H630+Lab!H551+'Radiology '!H471+Pharmacy!H507+'Auxillary '!H534+General!H740)/(Emergency!I604+OPD!I625+' LR (LaQshya)'!I370+'Maternity Ward'!I588+'SNCU '!I634+'M-OT (LaQshya)'!I578+'PP Unit'!I630+Lab!I551+'Radiology '!I471+Pharmacy!I507+'Auxillary '!I534+General!I740)*100 -> 0
A97: Standard G8. | B97: Facility seeks continually improvement by practicing Quality method and tools. | H97: =(Emergency!H609+OPD!H630+' LR (LaQshya)'!H373+'Maternity Ward'!H593+'SNCU '!H639+'M-OT (LaQshya)'!H586+'PP Unit'!H635+Lab!H556+'Radiology '!H475+Pharmacy!H512+'Auxillary '!H540+General!H748)/(Emergency!I609+OPD!I630+' LR (LaQshya)'!I373+'Maternity Ward'!I593+'SNCU '!I639+'M-OT (LaQshya)'!I586+'PP Unit'!I635+Lab!I556+'Radiology '!I475+Pharmacy!I512+'Auxillary '!I540+General!I748)*100 -> 0
A98: Standard G9 | B98: Facility has defined, approved and communicated Risk Management framework for existing and potential risks. | H98: =(General!H756)*100/(General!I756) -> 0
A99: Standard G10. | B99: Facility has established procedures for assessing, reporting, evaluating and managing risk as per Risk Management Plan | H99: =(Emergency!H620+OPD!H641+' LR (LaQshya)'!H376+'Maternity Ward'!H604+'SNCU '!H650+'M-OT (LaQshya)'!H596+'PP Unit'!H646+Lab!H567+'Radiology '!H486+Pharmacy!H523+'Auxillary '!H550+General!H763)*100/(Emergency!I620+OPD!I641+' LR (LaQshya)'!I376+'Maternity Ward'!I604+'SNCU '!I650+'M-OT (LaQshya)'!I596+'PP Unit'!I646+Lab!I567+'Radiology '!I486+Pharmacy!I523+'Auxillary '!I550+General!I763) -> 0
A100: Standard H1 . | B100: The facility measures Productivity Indicators and ensures compliance with State/National benchmarks | H100: =(Emergency!H632+OPD!H653+' LR (LaQshya)'!H379+'Maternity Ward'!H616+'SNCU '!H662+'M-OT (LaQshya)'!H608+'PP Unit'!H658+Lab!H579+'Radiology '!H498+Pharmacy!H535+'Auxillary '!H562+General!H775)/(Emergency!I632+OPD!I653+' LR (LaQshya)'!I379+'Maternity Ward'!I616+'SNCU '!I662+'M-OT (LaQshya)'!I608+'PP Unit'!I658+Lab!I579+'Radiology '!I498+Pharmacy!I535+'Auxillary '!I562+General!I775)*100 -> 0
A101: Standard H2 . | B101: The facility measures Efficiency Indicators and ensure to reach State/National Benchmark | H101: =(Emergency!H640+OPD!H662+' LR (LaQshya)'!H383+'Maternity Ward'!H623+'SNCU '!H670+'M-OT (LaQshya)'!H612+'PP Unit'!H670+Lab!H590+'Radiology '!H506+Pharmacy!H540+'Auxillary '!H569+General!H787)/(Emergency!I640+OPD!I662+' LR (LaQshya)'!I383+'Maternity Ward'!I623+'SNCU '!I670+'M-OT (LaQshya)'!I612+'PP Unit'!I670+Lab!I590+'Radiology '!I506+Pharmacy!I540+'Auxillary '!I569+General!I787)*100 -> 0
A102: Standard H3. | B102: The facility measures Clinical Care & Safety Indicators and tries to reach State/National benchmark | H102: =(Emergency!H647+OPD!H666+' LR (LaQshya)'!H387+'Maternity Ward'!H629+'SNCU '!H678+'M-OT (LaQshya)'!H618+'PP Unit'!H674+Lab!H598+'Radiology '!H511+Pharmacy!H545+'Auxillary '!H575+General!H793)/(Emergency!I647+OPD!I666+' LR (LaQshya)'!I387+'Maternity Ward'!I629+'SNCU '!I678+'M-OT (LaQshya)'!I618+'PP Unit'!I674+Lab!I598+'Radiology '!I511+Pharmacy!I545+'Auxillary '!I575+General!I793)*100 -> 0
A103: Standard H4. | B103: The facility measures Service Quality Indicators and endeavours to reach State/National benchmark | H103: =(Emergency!H651+OPD!H671+' LR (LaQshya)'!H400+'Maternity Ward'!H638+'SNCU '!H690+'M-OT (LaQshya)'!H625+'PP Unit'!H683+Lab!H605+'Radiology '!H516+Pharmacy!H551+'Auxillary '!H579+General!H800)/(Emergency!I651+OPD!I671+' LR (LaQshya)'!I400+'Maternity Ward'!I638+'SNCU '!I690+'M-OT (LaQshya)'!I625+'PP Unit'!I683+Lab!I605+'Radiology '!I516+Pharmacy!I551+'Auxillary '!I579+General!I800)*100 -> 0

Sheet Emergency
A1: National Quality Assurance Standards | G1: Version- 03/DWH/UP/19
A2: Checklist Emergency Department | G2: 1
A3: Reference No. | B3: Measurable Element | C3: Checkpoint | D3: Compliance | E3: Assessment Method | F3: Means of Verification | G3: Remarks
A4: . | B4: Area of Concern - A Service Provision | H4: =H5+H25+H35+H51+H59 -> 0 | I4: =I5+I25+I35+I51+I59 -> 24
A5: Standard A1. | B5: Facility Provides Curative Services | H5: =SUM(D8:D22) -> 0 | I5: =COUNT(D8:D22)*2 -> 6
A6: ME A1.1. | B6: The facility provides General Medicine services
A7: ME A1.2. | B7: The facility provides General Surgery services
A8: ME A1.3. | B8: The facility provides Obstetrics & Gynaecology Services | C8: Availability of Emergency Obstetrics &Gynaecology Procedures | D8: 0 | E8: SI/OB
A9: ME A1.4. | B9: The facility provides paediateric services
A10: ME A1.5. | B10: The facility provides Ophthalmology Services
A11: ME A1.6. | B11: The facility provides ENT Services
A12: ME A1.7. | B12: The facility provides Orthopaedics Services
A13: ME A1.8 | B13: The facility provides Skin & VD Services
A14: ME A1.9. | B14: The facility provides Psychiatry Services
A15: ME A1.10 | B15: The facility provides Dental Treatment Services
A16: ME A1.11 | B16: The facility provides AYUSH Services
A17: ME A1.12 | B17: The facility provides Physiotherapy Services
A18: ME A1.13. | B18: The facility provides services for OPD procedures
A19: .
A20: ME A1.14. | B20: Services are available for the time period as mandated | C20: 24X7 availability of dedicated emergency Services | D20: 0 | E20: SI/RR
A21: ME A1.15 | B21: The facility provides services for Super specialties, as mandated
A22: ME A1.16. | B22: The facility provides Accident & Emergency Services | C22: Availability of Emergency procedures | D22: 0 | E22: SI/OB | F22: Defibrillation, CPR, Mobilization, Chest Tube, Intubations, Tracheotomy, Mechanical Ventilation
A23: ME A1.17 | B23: The facility provides Intensive care Services
A24: ME A1.18 | B24: The facility provides Blood bank & transfusion services
A25: Standard A2 | B25: Facility provides RMNCHA Services | H25: =SUM(D27:D33) -> 0 | I25: =COUNT(D27:D33)*2 -> 8
A26: ME A2.1 | B26: The facility provides Reproductive health Services
A27: ME A2.2 | B27: The facility provides Maternal health Services | C27: Emergency Mangement of Preeclampsia & Eclampsia | D27: 0 | E27: SI/OB | F27: Emergency Mangement of Preeclampsia & Eclampsia
C28: Emergency Mangement of Rupture Uterus | D28: 0
C29: Emergnecy Mangement of Shock due to obstructed labour or other resons | D29: 0
A30: ME A2.3 | B30: The facility provides Newborn health Services | C30: Triage and emergency management of New Born cases | D30: 0 | E30: SI/OB | F30: Stablization, Resucitation etc.
A33: ME A2.4 | B33: The facility provides Child health Services
A34: ME A2.5 | B34: The facility provides Adolescent health Services
A35: Standard A3. | B35: Facility Provides diagnostic Services | H35: =SUM(D36:D38) -> 0 | I35: =COUNT(D36:D38)*2 -> 6
A36: ME A3.1. | B36: The facility provides Radiology Services | C36: Availability / Linkage to X-ray & USG services | D36: 0 | E36: SI/OB
C37: Radiology Services are functional 24X7 | D37: 0 | E37: SI/OB | F37: Check services are functional at night
A38: ME A3.2. | B38: The facility Provides Laboratory Services | C38: Availability of Emergency diagnostic tests 24x7 | D38: 0 | E38: SI/OB | F38: HB%, CPC, Blood Sugar, RDK, Urine Protein, Electrolyte (Na+K)
A39: Standard A4 | B39: Facility provides services as mandated in national Health Programs/ state scheme
A40: ME A4.1 | B40: The facility provides services under National Vector Borne Disease Control Programme as per guidelines
A41: ME A4.2 | B41: The facility provides services under Revised National TB Control Programme as per guidelines
A42: ME A4.3 | B42: The facility provides services under National Leprosy Eradication Programme as per guidelines
A43: ME A4.4 | B43: The facility provides services under National AIDS Control Programme as per guidelines
A44: ME A4.5 | B44: The facility provides services under National Programme for Prevention and control of Blindness as per guidelines
A45: ME A4.6 | B45: The facility provides services under Mental Health Programme as per guidelines
A46: ME A4.7 | B46: The facility provides services under National Programme for the health care of the elderly as per guidelines
A47: ME A4.8 | B47: The facility provides services under National Programme for Prevention and control of Cancer, Diabetes, Cardiovascular diseases & Stroke (NPCDCS) as per guidelines
A48: ME A4.9 | B48: The facility Provides services under Integrated Disease Surveillance Programme as per Guidelines
A49: ME A4.10 | B49: The facility provide services under National health Programme for deafness
A50: ME A4.11 | B50: The facility provides services as per State specific health programmes
A51: Standard A5. | B51: Facility provides support services | H51: =SUM(D54:D58) -> 0 | I51: =COUNT(D54:D58)*2 -> 2
A52: ME A5.1 | B52: The facility provides dietary services
A53: ME A5.2 | B53: The facility provides laundry services
A54: ME A5.3. | B54: The facility provides security services
A55: ME A5.4 | B55: The facility provides housekeeping services
A56: ME A5.5 | B56: The facility ensures maintenance services
A57: ME A5.6 | B57: The facility provides pharmacy services
A58: ME A5.7. | B58: The facility has services of medical record department | C58: Availability of Medico-legal record services including rape cases | D58: 0 | E58: SI/OB
A59: Standard A6. | B59: Health services provided at the facility are appropriate to community needs. | H59: =SUM(D60) -> 0 | I59: =COUNT(D60)*2 -> 2
A60: ME A6.1. | B60: The facility provides curatives & preventive services for the health problems and diseases, prevalent locally. | C60: Availability of specific procedures for local prevalent emergencies | D60: 0 | E60: SI/OB | F60: Ask for the specific local health frequent emergencies. See if emergency is ready for it or not.
A61: ME A6.2 | B61: There is process for consulting community/ or their representatives when planning or revising scope of services of the facility
A62: . | B62: Area of Concern - B Patient Rights | H62: =H63+H76+H92+H98+H104+H111 -> 0 | I62: =I63+I76+I92+I98+I104+I111 -> 72
A63: Standard B1. | B63: Facility provides the information to care seekers, attendants & community about the available services and their modalities | H63: =SUM(D64:D75) -> 0 | I63: =COUNT(D64:D75)*2 -> 18
A64: ME B1.1. | B64: The facility has uniform and user-friendly signage system | C64: Availability departmental signage's . | D64: 0 | E64: OB | F64: Emergency department board is prominently displayed with facility of illumination in night.
A65: . | C65: Availability of Directional Signage's. | D65: 0 | E65: OB | F65: Direction is displayed from main gate to direct.
A66: ME B1.2. | B66: The facility displays the services and entitlements available in its departments | C66: List of services including emergencies that are managed at the facility | D66: 0 | E66: OB
A67: . | C67: Names of doctor and nursing staff on duty are displayed and updated | D67: 0 | E67: OB
A68: . | C68: List of drugs available are displayed | D68: 0 | E68: OB
A69: . | C69: Important numbers including ambulance, blood bank , police and referral centres displayed | D69: 0 | E69: OB
A70: ME B1.3 | B70: The facility has established citizen charter, which is followed at all levels
A71: ME B1.4. | B71: User charges are displayed and communicated to patients effectively
A72: ME B1.5 | B72: Patients & visitors are sensitised and educated through appropriate IEC / BCC approaches
A73: ME B1.6. | B73: Information is available in local language and easy to understand | C73: Signage's and information are available in local language | D73: 0 | E73: OB
A74: ME B1.7. | B74: The facility provides information to patients and visitor through an exclusive set-up. | C74: Enquiry services are available 24X7. | D74: 0 | E74: OB | F74: Enquiry services may be provided by registration clerk/Nurse in a small set up. For large and busy emergency departments there should be dedicated enquiry counter
A75: ME B1.8 | B75: The facility ensures access to clinical records of patients to entitled personnel | C75: Treatment note/discharge note is given to patient | D75: 0 | E75: RR/OB | F75: Check for that there is provision of providing Discharge/Refferal note if patient is reffred from Emergnecy
A76: Standard B2. | B76: Services are delivered in a manner that is sensitive to gender, religious, and cultural needs, and there are no barrier on account of physical economic, cultural or social reasons. | H76: =SUM(D77:D89) -> 0 | I76: =COUNT(D77:D89)*2 -> 20
A77: ME B2.1. | B77: Services are provided in manner that are sensitive to gender | C77: Separate room for examination of rape victims | D77: 0 | E77: OB
A78: . | C78: Availability of sexual assault forensic evidence kit | D78: 0 | E78: OB
A79: . | C79: Availability of protocols /guidelines for collection of forensic evidence in case of rape victim | D79: 0 | E79: OB /RR
A80: . | C80: Counselling services are available for rape victim and domestic violence | D80: 0 | E80: OB/RR
A81: . | C81: Availability of female staff if a male doctor examine a female patients | D81: 0 | E81: OB/SI
A82: .
A84: ME B2.2 | B84: Religious and cultural preferences of patients and attendants are taken into consideration while delivering services
A85: ME B2.3. | B85: Access to facility is provided without any physical barrier & and friendly to people with disabilities | C85: Availability of Wheel chair/ stretcher for emergency | D85: 0 | E85: OB
C86: Availability of ramps with railing | D86: 0 | E86: OB
C87: Emergency is located at ground floor | D87: 0 | E87: OB
C88: Ambulance has direct access to the receiving/triage area of the emergency. | D88: 0 | E88: OB | F88: No vehicle parked on the way /in front of emergency entrance. Access road to emergency is wide enough for streamline moment of emergency
C89: Availability of disable friendly toilet | D89: 0 | E89: OB
A90: ME B2.4. | B90: There is no discrimination on basis of social and economic status of the patients
A91: ME B2.5 | B91: There is affirmative actions to ensure that vulnerable sections can access services
A92: Standard B3. | B92: Facility maintains the privacy, confidentiality & Dignity of patient and related information. | H92: =SUM(D93:D97) -> 0 | I92: =COUNT(D93:D97)*2 -> 10
A93: ME B3.1. | B93: Adequate visual privacy is provided at every point of care | C93: Screens provided at emergency | D93: 0 | E93: OB | F93: At the examination and procedure area.
A94: ME B3.2. | B94: Confidentiality of patients records and clinical information is maintained | C94: Confidentiality of patient record maintained | D94: 0 | E94: SI/OB
C95: MLC cases are kept in secure place beyond access of general public | D95: 0 | E95: SI/OB
A96: ME B3.3. | B96: The facility ensures the behaviours of staff is dignified and respectful, while delivering the services | C96: Behaviour of staff is empathetic and courteous | D96: 0 | E96: OB/PI
A97: ME B3.4. | B97: The facility ensures privacy and confidentiality to every patient, especially of those conditions having social stigma, and also safeguards vulnerable groups | C97: Privacy and confidentiality of HIV, Rape Pshychotic cases | D97: 0 | E97: SI/OB
A98: Standard B4. | B98: Facility has defined and established procedures for informing and involving patient and their families about treatment and obtaining informed consent wherever it is required. | H98: =SUM(D99:D103) -> 0 | I98: =COUNT(D99:D103)*2 -> 10
A99: ME B4.1. | B99: There is established procedures for taking informed consent before treatment and procedures | C99: Consent is taken for invasive emergency procedures | D99: 0 | E99: SI/RR
A100: ME B4.2. | B100: Patient is informed about his/her rights and responsibilities | C100: Display of patient rights and responsibilities. | D100: 0 | E100: OB
A101: ME B4.3. | B101: Staff are aware of Patients rights responsibilities | C101: Staff is aware about patient rights and responsibilities | D101: 0 | E101: SI
A102: ME B4.4. | B102: Information about the treatment is shared with patients or attendants, regularly | C102: Patient is informed about her clinical condition and treatment been provided | D102: 0 | E102: PI | F102: Ask patients about what they have been communicated about the treatment plan
A103: ME B4.5. | B103: The facility has defined and established grievance redressal system in place | C103: Availability of complaint box and display of process for grievance redresaal and whom to contact is displayed | D103: 0 | E103: OB
...

Sheet OPD
A1: National Quality Assurance Standards | G1: Version- 03/DWH/UP/19
A2: Checklist for Outdoor Department | G2: 2
A3: Reference No. | B3: Measurable Element | C3: Checkpoint | D3: Compliance | E3: Assessment Method | F3: Means of Verification | G3: Remarks | H3: Obtained | I3: Maximum
B4: Area of Concern - A Service Provision | H4: =H5+H33+H40+H45+H72 -> 0 | I4: =I5+I33+I40+I45+I72 -> 20
A5: Standard A1 | B5: Facility Provides Curative Services | H5: =SUM(D6:D29) -> 0 | I5: =COUNT(D6:D29)*2 -> 8
A6: ME A1.1 | B6: The facility provides General Medicine services
A7: ME A1.2 | B7: The facility provides General Surgery services
A8: ME A1.3 | B8: The facility provides Obstetrics & Gynaecology Services | C8: Availability of Functional Obstetrics & Gynaecology Clinic | D8: 0 | E8: SI/OB | F8: Dedicated speciality Obstetrics & Gynaecology Clinic. High risk pregnancy cases are referred from ANC clinic and consulted.
A9: ME A1.4 | B9: The facility provides Paediatric Services | C9: Availability of Paediatric Clinic | D9: 0 | E9: SI/OB | F9: Dedicated Paediatric speciality Clinic
A10: ME A1.5 | B10: The facility provides Ophthalmology Services
A11: ME A1.6 | B11: The facility provides ENT Services
A13: ME A1.7 | B13: The facility provides Orthopaedics Services
A15: ME A1.8 | B15: The facility provides Skin & VD Services
A16: ME A1.9 | B16: The facility provides Psychiatry Services
A17: ME A1.10 | B17: The facility provides Dental Treatment Services
A19: ME A1.11 | B19: The facility provides AYUSH Services
A20: ME A1.12 | B20: The facility provides Physiotherapy Services
A21: ME A1.13 | B21: The facility provides services for OPD procedures | C21: Availability of Injection room facilities at OPD | D21: 0 | E21: SI/OB | F21: Dressing, Suturing and drainage
A22: ME A1.14 | B22: Services are available for the time period as mandated | C22: At least 6 Hours of OPD Services are available | D22: 0 | E22: SI/RR
A23: ME A1.15 | B23: The facility provides services for Super specialties, as mandated
A30: ME A1.16 | B30: The facility provides Accident & Emergency Services
A31: ME A1.17 | B31: The facility provides Intensive care Services
A32: ME A1.18 | B32: The facility provides Blood bank & transfusion services
A33: Standard A2 | B33: Facility provides RMNCHA Services | H33: =SUM(D35:D39) -> 0 | I33: =COUNT(D35:D39)*2 -> 6
A34: ME A2.1 | B34: The facility provides Reproductive health Services
A35: ME A2.2 | B35: The facility provides Maternal health Services | C35: Availability of functional ANC clinic | D35: 0 | E35: SI/OB
A36: ME A2.3 | B36: The facility provides Newborn health Services | C36: Availability of Functional immunization clinic | D36: 0 | E36: SI/OB
A37: ME A2.4 | B37: The facility provides Child health Services
A39: ME A2.5 | B39: The facility provides Adolescent health Services | C39: Availability of Functional ARSH clinic | D39: 0 | E39: SI/OB
A40: Standard A3 | B40: Facility Provides diagnostic Services | H40: =SUM(D42:D44) -> 0 | I40: =COUNT(D42:D44)*2 -> 0
A41: ME A3.1 | B41: The facility provides Radiology Services
A42: ME A3.2 | B42: The facility Provides Laboratory Services
A43: ME A3.3 | B43: The facility provides other diagnostic services, as mandated
A45: Standard A4 | B45: Facility provides services as mandated in national Health Programs/ state scheme | H45: =SUM(D46:D63) -> 0 | I45: =COUNT(D46:D63)*2 -> 6
A46: ME A4.1 | B46: The facility provides services under National Vector Borne Disease Control Programme as per guidelines
A47: ME A4.2 | B47: The facility provides services under Revised National TB Control Programme as per guidelines
A48: ME A4.3 | B48: The facility provides services under National Leprosy Eradication Programme as per guidelines
A51: ME A4.4 | B51: The facility provides services under National AIDS Control Programme as per guidelines | C51: Availability of Functional ICTC | D51: 0 | E51: SI/OB
C52: Availability of HIV Testing and Counselling | D52: 0 | E52: SI/RR
C53: PPTCT Services for HIV positive Pregnant Women | D53: 0 | E53: SI/OB
A56: ME A4.5 | B56: The facility provides services under National Programme for prevention and control of Blindness as per guidelines
A58: ME A4.6 | B58: The facility provides services under Mental Health Programme as per guidelines
A59: ME A4.7 | B59: The facility provides services under National Programme for the health care of the elderly as per guidelines
A60: ME A4.8 | B60: The facility provides services under National Programme for Prevention and control of Cancer, Diabetes, Cardiovascular diseases & Stroke (NPCDCS) as per guidelines
A61: ME A4.9 | B61: The facility Provides services under Integrated Disease Surveillance Programme as per Guidelines
A62: ME A4.10 | B62: The facility provide services under National health Programme for deafness
A63: ME A4.11 | B63: The facility provides services as per State specific health programmes
A64: Standard A5 | B64: Facility provides support services
A65: ME A5.1 | B65: The facility provides dietary services
A66: ME A5.2 | B66: The facility provides laundry services
A67: ME A5.3 | B67: The facility provides security services
A68: ME A5.4 | B68: The facility provides housekeeping services
... A71: ME A5.7 | B71: The facility has services of medical record department
A72: Standard A6 | B72: Health services provided at the facility are appropriate to community needs. | H72: =SUM(D73) -> 0 | I72: =COUNT(D73)*2 -> 0
A73: ME A6.1 | B73: The facility provides curatives & preventive services for the health problems and diseases, prevalent locally.
A74: ME A6.2 | B74: There is process for consulting community/ or their representatives when planning or revising scope of services of the facility
B75: Area of Concern - B Patient Rights | H75: =H76+H91+H102+H109+H116+H123 -> 0 | I75: =I76+I91+I102+I109+I116+I123 -> 74
A76: Standard B1 | B76: Facility provides the information to care seekers, attendants & community about the available services and their modalities | H76: =SUM(D77:D90) -> 0 | I76: =COUNT(D77:D90)*2 -> 28
A77: ME B1.1 | B77: The facility has uniform and user-friendly signage system | C77: Availability departmental signage's | D77: 0 | E77: OB | F77: (Numbering, main department and internal sectional signage
C78: Display of layout/floor directory | D78: 0 | E78: OB
A79: ME B1.2 | B79: The facility displays the services and entitlements available in its departments | C79: List of OPD Clinics are available | D79: 0 | E79: OB
C80: Names of doctor on duty is displayed and updated | D80: 0 | E80: OB
C81: Timing for OPD are displayed | D81: 0 | E81: OB
C82: Entitlement under JSY , JSSK and other schemes | D82: 0 | E82: OB
C83: Important numbers like ambulance are displayed | D83: 0 | E83: OB
A84: ME B1.3 | B84: The facility has established citizen charter, which is followed at all levels | C84: Display of citizen charter | D84: 0 | E84: OB
A85: ME B1.4 | B85: User charges are displayed and communicated to patients effectively | C85: User charges for services are displayed | D85: 0 | E85: OB
A86: ME B1.5 | B86: Patients & visitors are sensitised and educated through appropriate IEC / BCC approaches | C86: IEC Material is displayed | D86: 0 | E86: OB | F86: IEC Display through Close Circuit TV in OPD
C87: Education material for counselling are available in Counselling room | D87: 0 | E87: OB
A88: ME B1.6 | B88: Information is available in local language and easy to understand | C88: Signage's and information are available in local language | D88: 0 | E88: OB
A89: ME B1.7 | B89: The facility provides information to patients and visitor through an exclusive set-up. | C89: Availability of Enquiry Desk with dedicated staff | D89: 0 | E89: OB | F89: Dedicated or shared with registration counter
A90: ME B1.8 | B90: The facility ensures access to clinical records of patients to entitled personnel | C90: OPD slip is given to the patient | D90: 0 | E90: RR/OB
A91: Standard B2 | B91: Services are delivered in a manner that is sensitive to gender, religious and cultural needs, and there are no barrier on account of physical economic, cultural or social reasons. | H91: =SUM(D92:D99) -> 0 | I91: =COUNT(D92:D99)*2 -> 14
A92: ME B2.1 | B92: Services are provided in manner that are sensitive to gender | C92: Separate toilets for male and female | D92: 0 | E92: OB
C93: Availability of female staff if a male doctor examination a female patients | D93: 0 | E93: OB
C94: Availability of Breast feeding corner | D94: 0 | E94: OB
A95: ME B2.2 | B95: Religious and cultural preferences of patients and attendants are taken into consideration while delivering services
A96: ME B2.3 | B96: Access to facility is provided without any physical barrier & and friendly to people with disabilities | C96: Availability of Wheel chair or stretcher for easy Access to the OPD | D96: 0 | E96: OB
C97: Availability of ramps with railing | D97: 0 | E97: OB
C98: There is no chaos and over crowding in the OPD | D98: 0 | E98: OB
C99: Availability of disable friendly toilet | D99: 0 | E99: OB
A100: ME B2.4 | B100: There is no discrimination on basis of social and economic status of the patients
A101: ME B2.5 | B101: There is affirmative actions to ensure that vulnerable sections can access services
A102: Standard B3 | B102: Facility maintains the privacy, confidentiality & Dignity of patient and related information. | H102: =SUM(D103:D108) -> 0 | I102: =COUNT(D103:D108)*2 -> 12
A103: ME B3.1 | B103: Adequate visual privacy is provided at every point of care | C103: Availability of screen at Examination Area | D103: 0 | E103: OB
C104: One Patient is seen at a time in clinics | D104: 0 | E104: OB
C105: Privacy at the counselling room is maintained | D105: 0 | E105: OB
A106: ME B3.2 | B106: Confidentiality of patients records and clinical information is maintained | C106: Confidentiality of HIV reports at ICTC | D106: 0 | E106: SI/OB
A107: ME B3.3 | B107: The facility ensures the behaviours of staff is dignified and respectful, while delivering the services | C107: Behaviour of staff is empathetic and courteous | D107: 0 | E107: PI/OB
A108: ME B3.4 | B108: The facility ensures privacy and confidentiality to every patient, especially of those conditions having social stigma, and also safeguards vulnerable groups | C108: Privacy and confidentiality of HIV | D108: 0 | E108: SI/OB | F108: Check in RTI/STI clinic
A109: Standard B4 | B109: Facility has defined and established procedures for informing and involving patient and their families about treatment and obtaining informed consent wherever it is required. | H109: =SUM(D110:D115) -> 0 | I109: =COUNT(D110:D115)*2 -> 10
A110: ME B4.1 | B110: There is established procedures for taking informed consent before treatment and procedures | C110: Informed consent for before HIV testing at ICTC | D110: 0 | E110: SI/RR
A111: ME B4.2 | B111: Patient is informed about his/her rights and responsibilities | C111: Display of patient rights and responsibilities. | D111: 0 | E111: OB
A112: ME B4.3 | B112: Staff are aware of Patients rights responsibilities
A113: ME B4.4 | B113: Information about the treatment is shared with patients or attendants, regularly | C113: Patient is informed about her clinical condition and treatment been provided | D113: 0 | E113: PI | F113: Ask patients about what they have been communicated about the treatment plan
C114: Pre and Post test counselling is given at ICTC | D114: 0 | E114: SI/PI/RR
A115: ME B4.5 | B115: The facility has defined and established grievance redressal system in place | C115: Availability of complaint box and display of process for grievance re redressal and whom to contact is displayed | D115: 0 | E115: OB
A116: Standard B5 | B116: Facility ensures that there are no financial barrier to access and that there is financial protection given from cost of care. | H116: =SUM(D117:D121) -> 0 | I116: =COUNT(D117:D121)*2 -> 10
A117: ME B5.1 | B117: The facility provides cashless services to pregnant women, mothers and neonates as per prevalent government schemes | C117: Free OPD Consultation / ANC Checkups | D117: 0 | E117: PI/SI | F117: For JSSK entitlement
A118: ME B5.2 | B118: The facility ensures that drugs prescribed are available at Pharmacy and wards | C118: Check that patient party has not spent on purchasing drugs or consumables from outside. | D118: 0 | E118: PI/SI
...

Sheet  LR (LaQshya)
A1: National Quality Assurance Standards | G1: Version- 03/DWH/UP/19
A2: Checklist for Labour Room | G2: 3
A3: Assessment Summary
A4: Name of the Hospital | F4: Date of Assessment
A5: Names of Assessors | F5: Names of Assessees
A6: Type of Assessment (Internal/Peer/External) | F6: Action plan Submission Date
A7: Labour room Score Card
A8: Area of Concern wise Score | F8: Labour Room Score
A9: A | B9: Service Provision | C9: =D419 -> 0 | F9: =D427 -> 0
A10: B | B10: Patient Rights | C10: =D420 -> 0
A11: C | B11: Inputs | C11: =D421 -> 0
A12: D | B12: Support Services | C12: =D422 -> 0
A13: E | B13: Clinical Services | C13: =D423 -> 0
A14: F | B14: Infection Control | C14: =D424 -> 0
A15: G | B15: Quality Management | C15: =D425 -> 0
A16: H | B16: Outcome | C16: =D426 -> 0
B18: Major Gaps Observed
A19: 1
A20: 2
A21: 3
A22: 4
A23: 5
B24: Strengths / Good Practices
A25: 1
A26: 2
A27: 3
A28: 4
A29: 5
B30: Recommendations/ Opportunities for Improvement
A31: 1
A32: 2
A33: 3
A34: 4
A35: 5
B36: Signature of Assessors
B37: Date
A39: Checklist for Labour Room
A40: Reference No | B40: Measurable Element | C40: Checkpoint | D40: Compliance | E40: Assessment Method | F40: Means of Verification | G40: Remarks | H40: Obtained | I40: Maximum | J40: %
B41: Area of Concern - A Service Provision | H41: =H42+H44+H54 -> 0 | I41: =I42+I44+I54 -> 22 | J41: =H41*100/I41 -> 0
A42: Standard A1 | B42: The facility provides Curative Services | H42: =SUM(D43) -> 0 | I42: =COUNT(D43)*2 -> 2 | J42: =H42*100/I42 -> 0
A43: ME A1.14 | B43: Services are available for the time period as mandated | C43: Labour room service is functional 24X7 | D43: 0 | E43: SI/RR | F43: Verify with records that deliveries have been conducted in night on regular basis
A44: Standard A2 | B44: The facility provides RMNCHA Services | H44: =SUM(D45:D53) -> 0 | I44: =COUNT(D45:D53)*2 -> 18 | J44: =H44*100/I44 -> 0
A45: ME A2.1 | B45: The facility provides Reproductive health Services | C45: Availability of Post Partum IUD insertion services | D45: 0 | E45: SI/RR | F45: Verify with records that PPIUD services have been offered in labour room
A46: ME A2.2 | B46: The facility provides Maternal health Services | C46: Availability of Vaginal Delivery services | D46: 0 | E46: SI/RR | F46: Normal vaginal & assisted (Vacuum / Forcep ) delivery
C47: Availability of Pre term delivery services | D47: 0 | E47: SI/RR | F47: Check if pre term delivery are being conducted at facility and not referred to higher centres unnecessarily
C48: Management of Postpartum Haemorrhage | D48: 0 | E48: SI/RR | F48: Check if Medical /Surgical management of PPH is being done at labour room
C49: Management of Retained Placenta | D49: 0 | E49: SI/RR | F49: Check staff manages retained placenta cases in labour room . Verify with records
C50: Septic Delivery & Delivery of HIV positive Pregnant Women | D50: 0 | E50: SI/RR | F50: Check if infected delivery cases are managed at labour room and not referred to higher centres unnecessarily
C51: Management of PIH/Eclampsia/ Pre eclampsia | D51: 0 | E51: SI/RR | F51: Check services for management of PIH/ Eclampsia are being proved at labour room
A52: ME A2.3 | B52: The facility provides Newborn health Services | C52: Availability of New born resuscitation | D52: 0 | E52: SI/OB | F52: Check if labour room has a functional New born resuscitation services available in labour room
C53: Availability of Essential new born care | D53: 0 | E53: SI/OB | F53: Check essential newborn care provisions such as Keeping baby on mother's abdomen, immediate drying of baby, Skin to skin contact, delayed chord clamp, initiation of breast feeding, recording of vitals and Vit. K are provided
A54: Standard A3 | B54: The facility Provides diagnostic Services | H54: =SUM(D55) -> 0 | I54: =COUNT(D55)*2 -> 2 | J54: =H54*100/I54 -> 0
A55: ME A3.2 | B55: The facility Provides Laboratory Services | C55: 24 *7 Availability of point of care diagnostic tests | D55: 0 | E55: SI/OB | F55: HIV, Hb% , Random blood sugar , Protein Urea Test
B56: Area of Concern - B Patient Rights | H56: =H57+H62+H67+H77+H80 -> 0 | I56: =I57+I62+I67+I77+I80 -> 40 | J56: =H56*100/I56 -> 0
A57: Standard B1 | B57: The facility provides the information to care seekers, attendants & community about the available services and their modalities | H57: =SUM(D58:D61) -> 0 | I57: =COUNT(D58:D61)*2 -> 8 | J57: =H57*100/I57 -> 0
A58: ME B1.1 | B58: The facility has uniform and user-friendly signage system | C58: Availability of departmental signage's | D58: 0 | E58: OB | F58: Numbering, main department and internal sectional signage, Restricted area signage displayed. Directional signages are given from the entry of the facility
A59: ME B1.2 | B59: The facility displays the services and entitlements available in its departments | C59: Necessary Information regarding services provided is displayed | D59: 0 | E59: OB | F59: Name of doctor and Nurse on duty are displayed and updated. Contact details of referral transport / ambulance displayed
A60: ME B1.5 | B60: Patients & visitors are sensitised and educated through appropriate IEC / BCC approaches | C60: IEC Material is displayed | D60: 0 | E60: OB | F60: Breast feeding, kangaroo care, family planning etc (Pictorial and chart ) in circulation & waiting area
A61: ME B1.6 | B61: Information is available in local language and easy to understand | C61: Signage's and information are available in local language | D61: 0 | E61: OB | F61: Check all information for patients/ visitors are available in local language
A62: Standard B2 | B62: Services are delivered in a manner that is sensitive to gender, religious and cultural needs, and there are no barrier on account of physical economic, cultural or social reasons. | H62: =SUM(D63:D66) -> 0 | I62: =COUNT(D63:D66)*2 -> 8 | J62: =H62*100/I62 -> 0
A63: ME B2.1 | B63: Services are provided in manner that are sensitive to gender | C63: Only on duty staff is allowed in the labour room when it is occupied | D63: 0 | E63: OB | F63: Pregnant woman, her birth companion, doctor, nurse/ANM on duty, and other support staff only, is allowed in the labour room
A64: ME B2.3 | B64: Access to facility is provided without any physical barrier & friendly to people with disabilities | C64: Availability of Wheel chair or stretcher for easy Access to the labour room | D64: 0 | E64: OB
C65: Availability of ramps and railing & Labour room is located at ground floor | D65: 0 | E65: OB | F65: If not located on the ground floor availability of the ramp / lift with person for shifting
A66: ME B2.4 | B66: There is no discrimination on basis of social and economic status of the patients | C66: Check care to pregnant women is not denied or differed due to discrimination | D66: 0 | E66: OB/PI | F66: Discrimination may happen because of religion, caste, ethnicity, cast, language, paying capacity and educational level.
A67: Standard B3 | B67: The facility maintains privacy, confidentiality & dignity of patient, and has a system for guarding patient related information. | H67: =SUM(D68:D76) -> 0 | I67: =COUNT(D68:D76)*2 -> 18 | J67: =H67*100/I67 -> 0
A68: ME B3.1 | B68: Adequate visual privacy is provided at every point of care | C68: Availability of screen/ partition at delivery tables | D68: 0 | E68: OB | F68: Screens / Partition has been provided from three side of the delivery table or Cubicle for ensuring visual privacy
C69: Curtains / frosted glass have been provided at windows | D69: 0 | E69: OB | F69: Check all the windows are fitted with frosted glass or curtains have been provided
C70: No two women are treated on common bed/ Delivery Table | D70: 0 | E70: OB/PI | F70: Check that observation beds and delivery tables are not shared by multiple women at the same time because of any reason
A71: ME B3.2 | B71: Confidentiality of patients records and clinical information is maintained | C71: Patient Records are kept at secure place beyond access to general staff/visitors | D71: 0 | E71: SI/OB | F71: Check records are not lying in open and there is designated space for keeping records with limited access. Records are not shared with anybody without permission of hospital administration
A72: ME B3.3 | B72: The facility ensures the behavior of staff is dignified and respectful, while delivering the services | C72: Behavior of labour room staff is dignified and respectful | D72: 0 | E72: OB/PI | F72: Check that labour staff is not providing care in undignified manner such as yelling, scolding , shouting, blaming and using abusive language, unnecessary touching or examination
C73: Pregnant women is not left unattended or ignored during care in the labour room | D73: 0 | E73: OB/PI | F73: Check that care providers are attentive and empathetic to the pregnant women at no point of care they are left alone.
C74: Care provided at labour room is free from physical abuse or harm | D74: 0 | E74: OB/PI | F74: Check if the physical abuse practices such as pinching, slapping, restraining , pushing on the abdomen, extensive episiotomy etc.
C75: Pregnant women is explicitly informed before examination and procedures | D75: 0 | E75: OB/PI | F75: Check if care providers verbally inform the pregnant women before touching, examination or starting procedure.
A76: ME B3.4 | B76: The facility ensures privacy and confidentiality to every patient, especially of those conditions having social stigma, and also safeguards vulnerable groups | C76: HIV status of patient is not disclosed except to staff that is directly involved in care | D76: 0 | E76: SI | F76: Check if HIV status of pregnant women is not explicitly written on case sheets and avoiding any means by which they can be identified in public such as labelling or allocating specific beds.
A77: Standard B4 | B77: The facility has defined and established procedures for informing patients about the medical condition, and involving them in treatment planning, and facilitates informed decision making | H77: =SUM(D78:D79) -> 0 | I77: =COUNT(D78:D79)*2 -> 4 | J77: =H77*100/I77 -> 0
A78: ME B4.1 | B78: There is established procedure for taking informed consent before treatment and procedures | C78: Consent is taken before delivery and or shifting | D78: 0 | E78: SI/RR | F78: Check the labour room case sheet for consent has been taken
A79: ME B4.4 | B79: Information about the treatment is shared with patients or attendants, regularly | C79: Labour room has system in place to involve patient's relative in decision making about pregnant women treatment | D79: 0 | E79: PI | F79: Check if pregnant women and her family members have been informed and consulted before shifting the patient for C-Section or referral to higher center
A80: Standard B5 | B80: The facility ensures that there are no financial barrier to access, and that there is financial protection given from the cost of hospital services. | H80: =SUM(D81) -> 0 | I80: =COUNT(D81)*2 -> 2 | J80: =H80*100/I80 -> 0
A81: ME B5.1 | B81: The facility provides cashless services to pregnant women, mothers and neonates as per prevalent government schemes | C81: Check all services including drugs, consumables, diagnostics and blood are free of cost in labour room | D81: 0 | E81: PI/SI | F81: Check if there are no user charges of any services in labour room . Ask Pregnant women and their attendants if they have not paid for any services or any informal fees to service providers
B82: Area of Concern - C Inputs | H82: =H83+H98+H102+H106+H112+H121+H136 -> 0 | I82: =I83+I98+I102+I106+I112+I121+I136 -> 108 | J82: =H82*100/I82 -> 0
A83: Standard C1 | B83: The facility has infrastructure for delivery of assured services, and available infrastructure meets the prevalent norms | H83: =SUM(D84:D97) -> 0 | I83: =COUNT(D84:D97)*2 -> 28 | J83: =H83*100/I83 -> 0
A84: ME C1.1 | B84: Departments have adequate space as per patient or work load | C84: Adequate space as per delivery load | D84: 0 | E84: OB | F84: Labour tables should be placed in a way that there is a distance of at least 3 feet from the sidewall, at least 2 feet from head end wall, and at least 6’ from the second table
A85: ME C1.2 | B85: Patient amenities are provided as per patient load | C85: Availability of patients amenities such as Drinking water, Toilet & Changing area | D85: 0 | E85: OB | F85: Dedicated Toilets for Labour Room area and Staff Rooms. LDR concept for Labour Room should have attached toilet with each LDR unit . Toilets are provided with western style toilet seats. Drinking water Facility within labour room For Pregnant women & companion
A86: ME C1.3 | B86: Departments have layout and demarcated areas as per functions | C86: Labour Room layout is arranged in LDR concept | D86: 0 | E86: OB | F86: Labour Room and associated services are arranged according to Labour-Delivery-Recovery Concepts with each LDR unit comprising of 4 Labour Beds and dedicated Nursing Station and New Born Corner
C87: Availability of Registration Area & Waiting area | D87: 0 | E87: OB | F87: Dedicated reception and registration area the entry of Labour Room Complex with registration desk and seating arrangement for 30 people in waiting area
C88: Availability of Triage and Examination Area | D88: 0 | E88: OB | F88: Dedicated Triage & Examination room with two examination beds for segregation of High & Low Risk patients Entry to the labour room should not be direct. Check if there is any buffer area
C89: Dedicated nursing station and Duty Rooms | D89: 0 | E89: OB | F89: One common Nursing station for Conventional Labour Room Dedicated Nursing station for Each unit if LDR concept is followed
C90: Availability of Storage Area | D90: 0 | E90: OB | F90: A dedicated sub store with cabinets and storage racks for storing supplies Separate Clean room & Dirty Utility room for Storing Sterile and Used goods respectively
C91: Availability of Newborn Care area | D91: 0 | E91: OB | F91: One Dedicated Newborn care area for each four tables. Incase of LDR dedicated NBCA for each unit.There should be no obstruction between labour table and Newborn corner for swift shifting of newborn requiring resuscitation Radiant Warmer Should have free space from three sides
C92: Availability of Staff Room & Doctor's Duty Room | D92: 0 | E92: OB | F92: Dedicated rooms for Nursing staff and Doctors provided with beds, storage furniture and attached toilets
A93: ME C1.4 | B93: The facility has adequate circulation area and open spaces according to need and local law | C93: Corridors connecting labour room are broad enough to manage stretcher and trolleys | D93: 0 | E93: OB | F93: Corridor should be wide enough that 2 stretcher can pass simultaneously without any hassle
A94: ME C1.5 | B94: The facility has infrastructure for intramural and extramural communication | C94: Availability of functional telephone and Intercom Services | D94: 0 | E94: OB | F94: Check availability of functional telephone and intercom connections
A95: ME C1.6 | B95: Service counters are available as per patient load | C95: Availability of labour tables as per delivery load | D95: 0 | E95: OB | F95: Less than 20 Deliveries/ Month -1 20-99 Deliveries/ Month - 2 100- 199 Deliveries/Month -4 200- 499 Deliveries/Month -6 More than 500 Deliveries- Conventional Labour Room - Monthly Delivery Cases X 0.014 (Labour- Delivery-Recovery) LDR format - Monthly Delivery Cases X.028
A96: ME C1.7 | B96: The facility and departments are planned to ensure structure follows the function/processes (Structure commensurate with the function of the hospital) | C96: Labour room is in Proximity and function linkage with OT & SNCU | D96: 0 | E96: OB | F96: Check labour room is located in the proximity of Maternity OT and SNCU/ NICU in one block only with means of swift shifting of patients in case of emergency. If located on different floor lift/ ramp with manned trolley should be provided
C97: Unidirectional flow of care | D97: 0 | E97: OB | F97: Labour room lay out and arrangement of services are designed in a way, that there is no criss cross movement of patient, staff, supplies & equipment
A98: Standard C2 | B98: The facility ensures the physical safety of the infrastructure. | H98: =SUM(D99:D101) -> 0 | I98: =COUNT(D99:D101)*2 -> 6 | J98: =H98*100/I98 -> 0
A99: ME C2.1 | B99: The facility ensures the seismic safety of the infrastructure | C99: Non structural components are properly secured | D99: 0 | E99: OB | F99: Check for fixtures and furniture like cupboards, cabinets, and heavy equipment , hanging objects are properly fastened and secured
A100: ME C2.3 | B100: The facility ensures safety of electrical establishment | C100: Labour room does not have temporary connections and loosely hanging wires | D100: 0 | E100: OB | F100: Switch Boards other electrical installations are intact. Check adequate power outlets have been provided as per requirement of electric appliances
A101: ME C2.4 | B101: Physical condition of buildings are safe for providing patient care | C101: Check if safety features have been provided in infrastructure | D101: 0 | E101: OB | F101: The floor of the labour room complex should be made of anti-skid material. Each window have 2-panel sliding doors. The outside panel be fixed The second panel should be moving with frosted glass and a lock.
A102: Standard C3 | B102: The facility has established Programme for fire safety and other disaster | H102: =SUM(D103:D105) -> 0 | I102: =COUNT(D103:D105)*2 -> 6 | J102: =H102*100/I102 -> 0
...

Sheet Maternity Ward
A1: National Quality Assurance Standards | G1: Version- 03/DWH/UP/19
A2: Checklist for Maternity Ward | G2: 4
A3: Reference no | B3: Measurable Element | C3: Checkpoints | D3: Compliance | E3: Assessment method | F3: Means of verification | G3: Remarks | H3: Obtained Marks | I3: Maximum Marks
B4: Area of Concern - A Service Provision | H4: =H5+H24+H33+H37 -> 0 | I4: =I5+I24+I33+I37 -> 26
A5: Standard A1 | B5: The facility provides Curative Services | H5: =SUM(D8:D23) -> 0 | I5: =COUNT(D8:D23)*2 -> 6
A6: ME A1.1 | B6: The facility provides General Medicine services
A7: ME A1.2 | B7: The facility provides General Surgery services
A8: ME A1.3 | B8: The facility provides Obstetrics & Gynaecology Services | C8: Availability of Gynaecology indoor services | D8: 0 | E8: SI/OB | F8: For obstetric indoor services kindly refer to ME A2.2
A9: ME A1.4 | B9: The facility provides Paediatric Services
A10: ME A1.5 | B10: The facility provides Ophthalmology Services
A11: ME A1.6 | B11: The facility provides ENT Services
A12: ME A1.7 | B12: The facility provides Orthopaedics Services
A13: ME A1.8 | B13: The facility provides Skin & VD Services
A14: ME A1.9 | B14: The facility provides Psychiatry Services
A15: ME A1.10 | B15: The facility provides Dental Treatment Services
A16: ME A1.11 | B16: The facility provides AYUSH Services
A17: ME A1.12 | B17: The facility provides Physiotherapy Services
A18: ME A1.13 | B18: The facility provides services for OPD procedures
A19: ME A1.14 | B19: Services are available for the time period as mandated | C19: Availability of nursing services 24X7 | D19: 0 | E19: SI/RR
A20: ME A1.15 | B20: The facility provides services for Super specialties, as mandated
A21: ME A1.16 | B21: The facility provides Accident & Emergency Services
A22: ME A1.17 | B22: The facility provides Intensive care Services
A23: ME A1.18 | B23: The facility provides Blood bank & transfusion services | C23: Availability/ linkage with blood bank | D23: 0 | E23: SI/OB
A24: Standard A2 | B24: The facility provides RMNCHA Services | H24: =SUM(D26:D31) -> 0 | I24: =COUNT(D26:D31)*2 -> 12
A25: ME A2.1 | B25: The facility provides Reproductive health Services
A26: ME A2.2 | B26: The facility provides Maternal health Services | C26: Availability of indoor services for Antenatal cases | D26: 0 | E26: SI/OB | F26: Antenatal ward- Clean Ward
C27: Availability of indoor services for normal delivery | D27: 0 | E27: SI/OB | F27: Postnatal ward -Normal delivery
C28: Availability of indoor services for C section | D28: 0 | E28: SI/OB | F28: Postnatal ward -C-section delivery
C29: Availability of indoor services for Septic cases | D29: 0 | E29: SI/OB | F29: Septic ward
A30: ME A2.3 | B30: The facility provides Newborn health Services | C30: Prevention of hypothermia and initiation of breast feeding | D30: 0 | E30: SI/OB
A31: ME A2.4 | B31: The facility provides Child health Services | C31: Screening of New born for Birth Defects | D31: 0 | E31: SI/OB
A32: ME A2.5 | B32: The facility provides Adolescent health Services
A33: Standard A3 | B33: The facility Provides diagnostic Services | H33: =SUM(D34:D35) -> 0 | I33: =COUNT(D34:D35)*2 -> 4
A34: ME A3.1 | B34: The facility provides Radiology Services | C34: Availability / linkage with Radiology | D34: 0 | E34: SI/OB
A35: ME A3.2 | B35: The facility Provides Laboratory Services | C35: Availability / linkage with laboratory | D35: 0 | E35: SI/OB
A36: ME A3.3 | B36: The facility provides other diagnostic services, as mandated
A37: Standard A4 | B37: The facility provides services as mandated in national Health Programmes/ state scheme | H37: =SUM(D38:D47) -> 0 | I37: =COUNT(D38:D47)*2 -> 4
A38: ME A4.1 | B38: The facility provides services under National Vector Borne Disease Control Programme as per guidelines | C38: Treatment of Malaria in pregnancy | D38: 0 | E38: SI/OB | F38: check the records for management of cases in last one year
A39: ME A4.2 | B39: The facility provides services under Revised National TB Control Programme as per guidelines
A40: ME A4.3 | B40: The facility provides services under National Leprosy Eradication Programme as per guidelines
A41: ME A4.4 | B41: The facility provides services under National AIDS Control Programme as per guidelines
A42: ME A4.5 | B42: The facility provides services under National Programme for control of Blindness as per guidelines
A43: ME A4.6 | B43: The facility provides services under Mental Health Programme as per guidelines
A44: ME A4.7 | B44: The facility provides services under National Programme for the health care of the elderly as per guidelines
A45: ME A4.8 | B45: The facility provides services under National Programme for Prevention and control of Cancer, Diabetes, Cardiovascular diseases & Stroke (NPCDCS) as per guidelines
A46: ME A4.9 | B46: The facility Provides services under Integrated Disease Surveillance Programme as per Guidelines
A47: ME A4.10 | B47: The facility provide services under National health Programme for prevention and control of deafness | C47: Referral of of child born of High Risk pregnancy showing features suggestive of hearing empairment | D47: 0 | E47: SI/OB
A48: ME A4.11 | B48: The facility provides services as per State specific health programmes
A49: Standard A5 | B49: The facility provides support services
A50: ME A5.1 | B50: The facility provides dietary services
A51: ME A5.2 | B51: The facility provides laundry services
A52: ME A5.3 | B52: The facility provides security services
A53: ME A5.4 | B53: The facility provides housekeeping services
A54: ME A5.5 | B54: The facility ensures maintenance services
A55: ME A5.6 | B55: The facility provides pharmacy services
A56: ME A5.7 | B56: The facility has services of medical record department
A57: Standard A6 | B57: Health services provided at the facility are appropriate to community needs.
A58: ME A6.1 | B58: The facility provides curatives & preventive services for the health problems and diseases, prevalent locally.
A59: ME A6.2 | B59: There is process for consulting community/ or their representatives when planning or revising scope of services of the facility
B60: Area of Concern - B Patient Rights | H60: =H61+H75+H85+H94+H101+H115 -> 0 | I60: =I61+I75+I85+I94+I101+I115 -> 80
A61: Standard B1 | B61: The facility provides the information to care seekers, attendants & community about the available services and their modalities | H61: =SUM(D62:D74) -> 0 | I61: =COUNT(D62:D74)*2 -> 22
A62: ME B1.1 | B62: The facility has uniform and user-friendly signage system | C62: Availability departmental signage's | D62: 0 | E62: OB | F62: (Numbering, main department and internal sectional signage
C63: Visiting hours and visitor policy are displayed | D63: 0 | E63: OB
A64: ME B1.2 | B64: The facility displays the services and entitlements available in its departments | C64: Entitlements under JSSK Displayed | D64: 0 | E64: OB
C65: Entitlement under JSY displayed | D65: 0 | E65: OB
C66: List of drugs available are displayed and updated | D66: 0 | E66: OB
C67: Contact details of referral transport / ambulance displayed | D67: 0 | E67: OB
A68: ME B1.3 | B68: The facility has established citizen charter, which is followed at all levels
A69: ME B1.4 | B69: User charges are displayed and communicated to patients effectively
A70: ME B1.5 | B70: Patients & visitors are sensitised and educated through appropriate IEC / BCC approaches | C70: IEC Material is displayed | D70: 0 | E70: OB | F70: Breast feeding and care of breast, kangaroo care, family planning, Danger signs, PN advice, Information material about PCPNDT etc
C71: Counselling aids like flip chart etc are available for post partum counselling | D71: 0 | E71: OB
A72: ME B1.6 | B72: Information is available in local language and easy to understand | C72: Signage's and information are available in local language | D72: 0 | E72: OB
A73: ME B1.7 | B73: The facility provides information to patients and visitor through an exclusive set-up. | C73: Availability of Enquiry Desk with dedicated staff | D73: 0 | E73: OB | F73: Enquiry desk serving both maternity ward and labour
A74: ME B1.8 | B74: The facility ensures access to clinical records of patients to entitled personnel | C74: Discharge summary is given to the patient | D74: 0 | E74: RR/OB
A75: Standard B2 | B75: Services are delivered in a manner that is sensitive to gender, religious and cultural needs, and there are no barrier on account of physical economic, cultural or social reasons. | H75: =SUM(D76:D82) -> 0 | I75: =COUNT(D76:D82)*2 -> 12
A76: ME B2.1 | B76: Services are provided in manner that are sensitive to gender | C76: No Male attendant allowed to stay in female wards at night | D76: 0 | E76: OB/SI
C77: Availability of female staff if a male doctor examine a female patients | D77: 0 | E77: OB/SI
C78: Availability of Breast feeding corner | D78: 0 | E78: OB
A79: ME B2.2 | B79: Religious and cultural preferences of patients and attendants are taken into consideration while delivering services
A80: ME B2.3 | B80: Access to facility is provided without any physical barrier & and friendly to people with disabilities | C80: Availability of Wheel chair or stretcher for easy Access to the ward | D80: 0 | E80: OB
C81: Availability of ramps and railing | D81: 0 | E81: OB
C82: Availability of disable friendly toilet | D82: 0 | E82: OB
A83: ME B2.4 | B83: There is no discrimination on basis of social and economic status of the patients
A84: ME B2.5 | B84: There is affirmative actions to ensure that vulnerable sections can access services
A85: Standard B3 | B85: The facility maintains privacy, confidentiality & dignity of patient, and has a system for guarding patient related information. | H85: =SUM(D86:D93) -> 0 | I85: =COUNT(D86:D93)*2 -> 16
A86: ME B3.1 | B86: Adequate visual privacy is provided at every point of care | C86: Availability of screen at Examination Area | D86: 0 | E86: OB | F86: Bracket screen
C87: Curtains have been provided at windows | D87: 0 | E87: OB
C88: Patients are dressed/covered while shifting the patients from one department to other | D88: 0 | E88: OB
C89: No two patients are treated on one bed | D89: 0 | E89: OB
A90: ME B3.2 | B90: Confidentiality of patients records and clinical information is maintained | C90: Patient Records are kept at secure place beyond access to general staff/visitors | D90: 0 | E90: SI/OB
C91: No information regarding patient identity and details are unnecessary displayed | D91: 0 | E91: SI/OB
A92: ME B3.3 | B92: The facility ensures the behaviours of staff is dignified and respectful, while delivering the services | C92: Behaviour of staff is empathetic and courteous | D92: 0 | E92: OB/PI
A93: ME B3.4 | B93: The facility ensures privacy and confidentiality to every patient, especially of those conditions having social stigma, and also safeguards vulnerable groups | C93: HIV status of patient is not disclosed except to staff that is directly involved in care | D93: 0 | E93: SI/OB
A94: Standard B4 | B94: The facility has defined and established procedures for informing patients about the medical condition, and involving them in treatment planning, and facilitates informed decision making | H94: =SUM(D95:D99) -> 0 | I94: =COUNT(D95:D99)*2 -> 6
A95: ME B4.1 | B95: There is established procedures for taking informed consent before treatment and procedures | C95: General Consent is taken before admission | D95: 0 | E95: SI/RR
A96: ME B4.2 | B96: Patient is informed about his/her rights and responsibilities
A97: ME B4.3 | B97: Staff are aware of Patients rights responsibilities
A98: ME B4.4 | B98: Information about the treatment is shared with patients or attendants, regularly | C98: Patient and their attendent is informed about her clinical condition and treatment being provided | D98: 0 | E98: PI
A99: ME B4.5 | B99: The facility has defined and established grievance redressal system in place | C99: Availability of complaint box and display of process for grievance redresaal and whom to contact is displayed | D99: 0 | E99: OB
D100: 0
...

Sheet SNCU 
A1: National Quality Assurance Standards | G1: Version- 03/DWH/UP/19
A2: Checklist for SNCU | G2: 5
A3: Reference | B3: ME Statement | C3: Checkpoint | D3: Compliance/Full/ Partial/No | E3: Assessment Method | F3: Means of verification | G3: Remarks
B4: Area of Concern - A Service Provision | H4: =H5+H24+H36 -> 0 | I4: =I5+I24+I36 -> 24
A5: Standard A1 | B5: Facility Provides Curative Services | H5: =SUM(D9:D19) -> 0 | I5: =COUNT(D9:D19)*2 -> 4
A6: ME A1.1 | B6: The Facility Provides of General Medicine Services
A7: ME A1.2 | B7: The Facility Provides General Surgeries Services
A8: ME A1.3 | B8: The Facility Provides Obstetrics & Gynaecology Services
A9: ME A1.4 | B9: The Facility Provides Paediatric Services | C9: Availability of functional SNCU | D9: 0 | E9: SI/OB | F9: For detailed service provision kindly refer A2.3
A10: ME A1.5 | B10: The Facility provides Ophthalmology Services
A11: ME A1.6 | B11: The Facility provides ENT Services
A12: ME A1.7 | B12: The Facility provides Orthopaedics Services
A13: ME A1.8 | B13: The Facility provides Skin & VD Services
A14: ME A1.9 | B14: The Facility Provides Psychiatry Services
A15: ME A1.10 | B15: The Facility Provides Dental Treatment Services
A16: ME A1.11 | B16: The Facility Provides AYUSH Services
A17: ME A1.12 | B17: The Facility provides Physiotherapy Services
A18: ME A1.13 | B18: The Facility provides services for OPD procedures
A19: ME A1.14 | B19: Services are available for the time period as mandated | C19: Availability of nursing care services 24X7 | D19: 0 | E19: SI/RR
A20: ME A1.15 | B20: The Facility provides services for Super specialties, as mandated
A21: ME A1.16 | B21: The Facility Provides Accident & Emergency Services
A22: ME A1.17 | B22: The Facility Provides Intensive care Services
A23: ME A1.18 | B23: The Facility provides blood bank and transfusion services
A24: Standard A2 | B24: Facility provides RMNCHA Services | H24: =SUM(D27:D34) -> 0 | I24: =COUNT(D27:D34)*2 -> 16
A25: ME A2.1 | B25: The Facility provides Reproductive health Services
A26: ME A2.2 | B26: The Facility provides maternal health Services
A27: ME A2.3 | B27: The Facility provides Newborn health Services | C27: Management of low birth weight infants <1800 gm and preterm | D27: 0 | E27: SI/RR
C28: Management of all sick new borns except those requiring mechanical ventilation and major surgical intervention | D28: 0 | E28: SI/RR
C29: Resuscitation | D29: 0 | E29: SI/RR
C30: Prevention of infection including management of newborn sepsis | D30: 0 | E30: SI/RR
C31: Provision of Warmth | D31: 0 | E31: SI/RR
C32: Phototherapy for new born | D32: 0 | E32: SI/RR
C33: Breast feeding/feeding support and Kangaroo Mother care (KMC) | D33: 0 | E33: SI/RR
A34: ME A2.4 | B34: The Facility provides child health Services | C34: Screening of New born for Birth Defects | D34: 0 | E34: SI/RR
A35: ME A2.5 | B35: The Facility provides adolescent health Services
A36: Standard A3 | B36: Facility Provides diagnostic Services | H36: =SUM(D37:D38) -> 0 | I36: =COUNT(D37:D38)*2 -> 4
A37: ME A3.1 | B37: The Facility provides Radiology Services | C37: Availability for USG and portable X ray services | D37: 0 | E37: SI/OB | F37: In house, Parent hospital and Outsourced
A38: ME A3.2 | B38: The Facility Provides Laboratory Services | C38: SNCU has facility /Linkage for laboratory investigation. | D38: 0 | E38: SI/OB | F38: Availability of side laboratory: Serum billirubin, Plasma glucose, Serum creatnine, Blood count, Platelet, C reactive protein, Prothrobin time, Blood gas analysis with PH measurement analysis. If linkage with outside lab than give partial compliance
A39: ME A3.3 | B39: Facility provides other diagnostic services, as mandated
A40: Standard A4 | B40: Facility provides services as mandated in national Health Programs/ state scheme
A41: ME A4.1 | B41: The facility provides services under National Vector Borne Disease Control Programme as per guidelines
A42: ME A4.2 | B42: The facility provides services under Revised National TB Control Programme as per guidelines
A43: ME A4.3 | B43: The facility provides services under National Leprosy Eradication Programme as per guidelines
A44: ME A4.4 | B44: The facility provides services under National AIDS Control Programme as per guidelines
A45: ME A4.5 | B45: The facility provides services under National Programme for prevention and control of Blindness as per guidelines
A46: ME A4.6 | B46: The facility provides services under Mental Health Programme as per guidelines
A47: ME A4.7 | B47: The facility provides services under National Programme for the health care of the elderly as per guidelines
A48: ME A4.8 | B48: The facility provides services under National Programme for Prevention and control of Cancer, Diabetes, Cardiovascular diseases & Stroke (NPCDCS) as per guidelines
A49: ME A4.9 | B49: The facility Provides services under Integrated Disease Surveillance Programme as per Guidelines
A50: ME A4.10 | B50: The facility provide services under National health Programme for deafness
... A62: ME A6.2 | B62: There is process for consulting community/ or their representatives when planning or revising scope of services of the facility
B63: Area of Concern - B Patient Rights | H63: =H64+H85+H90+H98+H112 -> 0 | I63: =I64+I85+I90+I98+I112 -> 64
A64: Standard B1 | B64: Facility provides the information to care seekers, attendants & community about the available services and their modalities | H64: =SUM(D65:D78) -> 0 | I64: =COUNT(D65:D78)*2 -> 22
A65: ME B1.1 | B65: The facility has uniform and user-friendly signage system | C65: Availability departmental signage's | D65: 0 | E65: OB | F65: (Numbering, main department and internal sectional signage
C66: Directional signage for department is displayed | D66: 0 | E66: OB
C67: Restricted area signage displayed | D67: 0 | E67: OB
A68: ME B1.2 | B68: The facility displays the services and entitlements available in its departments | C68: Services available in SNCU are displayed | D68: 0 | E68: OB
C69: Entitlements under JSSK Displayed | D69: 0 | E69: OB
C70: Information about doctor/ Nurse on duty is displayed and updated | D70: 0 | E70: OB
C71: Contact information in respect of SNCU referral services are displayed | D71: 0 | E71: OB
A72: ME B1.3 | B72: The facility has established citizen charter, which is followed at all levels
A73: ME B1.4 | B73: User charges are displayed and communicated to patients effectively
A74: ME B1.5 | B74: Patients & visitors are sensitised and educated through appropriate IEC / BCC approaches | C74: Display of information for education of mother /relatives | D74: 0 | E74: OB | F74: Display of pictorial information/ chart regarding expression of milk/ techniques for assistive feeding , KMC, complimentary feeding etc.
C75: Counselling aids are available for education of mother | D75: 0 | E75: OB
A76: ME B1.6 | B76: Information is available in local language and easy to understand | C76: Signage's and information are available in local language | D76: 0 | E76: OB
A77: ME B1.7 | B77: The facility provides information to patients and visitor through an exclusive set-up.
A78: ME B1.8 | B78: The facility ensures access to clinical records of patients to entitled personnel | C78: Discharge summery is given to the patient | D78: 0 | E78: OB
A79: Standard B2 | B79: Services are delivered in manners that are sensitive to gender, religious, social and cultural needs and there are no barrier on account of physical access, language, cultural or social status.
A80: ME B2.1 | B80: Services are provided in manner that are sensitive to gender
A81: ME B2.2 | B81: Religious and cultural preferences of patients and attendants are taken into consideration while delivering services
A82: ME B2.3 | B82: Access to facility is provided without any physical barrier & and friendly to people with disabilities
A83: ME B2.4 | B83: There is no discrimination on basis of social and economic status of the patients
A84: ME B2.5 | B84: There is affirmative actions to ensure that vulnerable sections can access services
A85: Standard B3 | B85: Facility maintains the privacy, confidentiality & Dignity of patient and related information. | H85: =SUM(D86:D88) -> 0 | I85: =COUNT(D86:D88)*2 -> 6
A86: ME B3.1 | B86: Adequate visual privacy is provided at every point of care | C86: Privacy is maintained in breast feeding room | D86: 0 | E86: OB
A87: ME B3.2 | B87: Confidentiality of patients records and clinical information is maintained | C87: Patient Records are kept at secure place beyond access to general staff/visitors | D87: 0 | E87: SI/OB
A88: ME B3.3 | B88: The facility ensures the behaviours of staff is dignified and respectful, while delivering the services | C88: Behaviour of staff is empathetic and courteous | D88: 0 | E88: OB/PI
A89: ME B3.4 | B89: The facility ensures privacy and confidentiality to every patient, especially of those conditions having social stigma, and also safeguards vulnerable groups
A90: Standard B4 | B90: Facility has defined and established procedures for informing and involving patient and their families about treatment and obtaining informed consent wherever it is required. | H90: =SUM(D91:D96) -> 0 | I90: =COUNT(D91:D96)*2 -> 8
A91: ME B4.1 | B91: There is established procedures for taking informed consent before treatment and procedures | C91: SNCU has system in place to take informed consent from patient relative whenever required | D91: 0 | E91: SI/RR
A92: ME B4.2 | B92: Patient is informed about his/her rights and responsibilities
A93: ME B4.3 | B93: Staff are aware of Patients rights responsibilities
A94: ME B4.4 | B94: Information about the treatment is shared with patients or attendants, regularly | C94: SNCU has system in place to involve patient relatives in decision making of patient treatment | D94: 0 | E94: PI
C95: SNCU has system in place to provide communication of newborn condition to parents/ relatives at least once in day | D95: 0 | E95: PI/SI
A96: ME B4.5 | B96: Facility has defined and established grievance redressal system in place | C96: Availability of complaint box and display of process for grievance re addressal and whom to contact is displayed | D96: 0 | E96: OB
A98: Standard B5 | B98: Facility ensures that there are no financial barrier to access and that there is financial protection given from cost of care. | H98: =SUM(D99:D110) -> 0 | I98: =COUNT(D99:D110)*2 -> 22
A99: ME B5.1 | B99: The facility provides cashless services to pregnant women, mothers and neonates as per prevalent government schemes | C99: Availability of Free diagnostics | D99: 0 | E99: PI/SI
C100: Availability of free drop back | D100: 0 | E100: PI/SI
C101: Availability of Free diet to patient | D101: 0 | E101: PI/SI
C102: Availability of Free Diet to mother | D102: 0 | E102: PI/SI
C103: Availability of Free patient transport | D103: 0 | E103: PI/SI
C104: Availabliity of Free Blood | D104: 0 | E104: PI/SI
C105: Availability of Free drugs | D105: 0 | E105: PI/SI
C106: Availability of free stay to mother | D106: 0 | E106: PI/SI
A107: ME B5.2 | B107: The facility ensures that drugs prescribed are available at Pharmacy and wards | C107: Check that patient party has not spent on purchasing drugs or consumables from outside. | D107: 0 | E107: PI/SI
A108: ME B5.3 | B108: It is ensured that facilities for the prescribed investigations are available at the facility | C108: Check that patient party has not spent on diagnostics from outside. | D108: 0 | E108: PI/SI
A109: ME B5.4 | B109: The facility provide free of cost treatment to Below poverty line patients without administrative hassles
A110: ME B5.5 | B110: The facility ensures timely reimbursement of financial entitlements and reimbursement to the patients | C110: If any other expenditure occurred it is reimbursed from hospital | D110: 0 | E110: PI/SI/RR
A111: ME B5.6 | B111: The facility ensure implementation of health insurance schemes as per National /state scheme
A112: Standard B6 | B112: Facility has defined framework for ethical management including dilemmas confronted during delivery of services at public health facilities | H112: =SUM(D113:D124) -> 0 | I112: =COUNT(D113:D124)*2 -> 6
...

Sheet M-OT (LaQshya)
A1: National Quality Assurance Standards | G1: Version- 03/DWH/UP/19
A2: Checklist for Maternity Operation Theatre | G2: 6
A3: Assessment Summary
A4: Name of the Hospital | F4: Date of Assessment
A5: Names of Assessors | F5: Names of Assesses
A6: Type of Assessment (Internal/External) | F6: Action plan Submission Date
A7: Operation Theatre Score Card
A8: Area of Concern wise Score | D8: Operation Theatre Score
A9: A | B9: Service Provision | C9: ='M-OT (LaQshya)'!D634 -> 0 | D9: =D642 -> 0
A10: B | B10: Patient Rights | C10: ='M-OT (LaQshya)'!D635 -> 0
A11: C | B11: Inputs | C11: ='M-OT (LaQshya)'!D636 -> 0
A12: D | B12: Support Services | C12: ='M-OT (LaQshya)'!D637 -> 0
A13: E | B13: Clinical Services | C13: ='M-OT (LaQshya)'!D638 -> 0
A14: F | B14: Infection Control | C14: ='M-OT (LaQshya)'!D639 -> 0
A15: G | B15: Quality Management | C15: ='M-OT (LaQshya)'!D640 -> 0
A16: H | B16: Outcome | C16: ='M-OT (LaQshya)'!D641 -> 0
B18: Major Gaps Observed
A19: 1
A20: 2
A21: 3
A22: 4
A23: 5
B24: Strengths / Good Practices
A25: 1
A26: 2
A27: 3
A28: 4
A29: 5
B30: Recommendations/ Opportunities for Improvement
A31: 1
A32: 2
A33: 3
A34: 4
A35: 5
B36: Signature of Assessors
B37: Date
A41: Checklist for Operation Theatre
A42: Reference No. | B42: ME Statement | C42: Checkpoint | D42: Compliance | E42: Assessment Method | F42: Means of Verification | G42: Remarks | J42: %
B43: Area of Concern - A Service Provision | H43: =H44+H63+H70 -> 0 | I43: =I44+I63+I70 -> 18 | J43: =H43*100/I43 -> 0
A44: Standard A1 | B44: Facility Provides Curative Services | H44: =SUM(D46:D61) -> 0 | I44: =COUNT(D46:D61)*2 -> 6 | J44: =H44*100/I44 -> 0
A45: ME A1.1 | B45: The facility provides General Medicine services
A46: ME A1.2 | B46: The facility provides General Surgery services
A47: ME A1.3 | B47: The facility provides Obstetrics & Gynaecology Services
A48: ME A1.4 | B48: The facility provides Paediatric Services
A49: ME A1.5 | B49: The facility provides Ophthalmology Services
A50: ME A1.6 | B50: The facility provides ENT Services
A51: ME A1.7 | B51: The facility provides Orthopaedics Services
A52: ME A1.8 | B52: The facility provides Skin & VD Services
A53: ME A1.9 | B53: The facility provides Psychiatry Services
A54: ME A1.10 | B54: The facility provides Dental Treatment Services
A55: ME A1.11 | B55: The facility provides AYUSH Services
A56: ME A1.12 | B56: The facility provides Physiotherapy Services
A57: ME A1.13 | B57: The facility provides services for OPD procedures
A58: ME A1.14 | B58: Services are available for the time period as mandated | C58: OT Services are available 24X7 | D58: 0 | E58: SI/RR | F58: Check with OT records that OT services were functional in 24X7 and surgeries are being conducted in night hours
A59: ME A1.15 | B59: The facility provides services for Super specialties, as mandated
A60: ME A1.16 | B60: The facility provides Accident & Emergency Services | C60: Availability of Emergency OT services as and when required | D60: 0 | E60: SI/OB
A61: ME A1.17 | B61: The facility provides Intensive care Services | C61: Availability of Maternity HDU/ICU services in the facility | D61: 0 | E61: SI/OB
A62: ME A1.18 | B62: The facility provides Blood bank & transfusion services
A63: Standard A2 | B63: Facility provides RMNCHA Services | H63: =SUM(D64:D68) -> 0 | I63: =COUNT(D64:D68)*2 -> 10 | J63: =H63*100/I63 -> 0
A64: ME A2.1 | B64: The facility provides Reproductive health Services | C64: Availability of Post partum sterilization services | D64: 0 | E64: SI/OB | F64: tubal ligation
A65: ME A2.2 | B65: The facility provides Maternal health Services | C65: Availability of Elective C-section services | D65: 0 | E65: SI/RR | F65: Check services are available and are being utilized
C66: Availability of Emergency C-section services | D66: 0 | E66: SI/RR | F66: Check services are available and are being utilized
C67: Management of MTP | D67: 0 | E67: SI/OB | F67: Surgical management
A68: ME A2.3 | B68: The facility provides New-born health Services | C68: Availability of New born resuscitation& essential new born care | D68: 0 | E68: SI/OB | F68: Dedicated Functional New born Care services in Operation theatre
A69: ME A2.5 | B69: The facility provides Adolescent health Services
A70: Standard A3 | B70: Facility Provides diagnostic Services | H70: =SUM(D71:D72) -> 0 | I70: =COUNT(D71:D72)*2 -> 2 | J70: =H70*100/I70 -> 0
A71: ME A3.1 | B71: The facility provides Radiology Services
A72: ME A3.2 | B72: The facility Provides Laboratory Services | C72: Availability of point of care diagnostic test | D72: 0 | E72: SI/OB | F72: Glucometer, RDK , Blood grouping
A73: ME A3.3 | B73: The facility provides other diagnostic services, as mandated
A74: Standard A4 | B74: Facility provides services as mandated in national Health Programs/ state scheme
A75: ME A4.1 | B75: The facility provides services under National Vector Borne Disease Control Programme as per guidelines
A76: ME A4.2 | B76: The facility provides services under Revised National TB Control Programme as per guidelines
A77: ME A4.3 | B77: The facility provides services under National Leprosy Eradication Programme as per guidelines
A78: ME A4.4 | B78: The facility provides services under National AIDS Control Programme as per guidelines
A79: ME A4.5 | B79: The facility provides services under National Programme for prevention and control of Blindness as per guidelines
A80: ME A4.6 | B80: The facility provides services under Mental Health Programme as per guidelines
A81: ME A4.7 | B81: The facility provides services under National Programme for the health care of the elderly as per guidelines
A82: ME A4.8 | B82: The facility provides services under National Programme for Prevention and control of Cancer, Diabetes, Cardiovascular diseases & Stroke (NPCDCS) as per guidelines
A83: ME A4.9 | B83: The facility Provides services under Integrated Disease Surveillance Programme as per Guidelines
A84: ME A4.10 | B84: The facility provide services under National health Programme for deafness
... A98: ME A6.2 | B98: There is process for consulting community/ or their representatives when planning or revising scope of services of the facility
B99: Area of Concern - B Patient Rights | H99: =H100+H108+H113+H119+H126 -> 0 | I99: =I100+I108+I113+I119+I126 -> 22 | J99: =H99*100/I99 -> 0
A100: Standard B1 | B100: Facility provides the information to care seekers, attendants & community about the available services and their modalities | H100: =SUM(D101:D105) -> 0 | I100: =COUNT(D101:D105)*2 -> 4 | J100: =H100*100/I100 -> 0
A101: ME B1.1 | B101: The facility has uniform and user-friendly signage system | C101: Availability of departmental signage's | D101: 0 | E101: OB | F101: Numbering, main department and internal sectional signage, Restricted area signage displayed. Directional signages are given from the entry of the facility
A102: ME B1.2 | B102: The facility displays the services and entitlements available in its departments | C102: Information regarding services are displayed | D102: 0 | E102: OB | F102: Display doctor/ Nurse on duty and updated OT schedule displayed
A103: ME B1.3 | B103: The facility has established citizen charter, which is followed at all levels
A104: ME B1.4 | B104: User charges are displayed and communicated to patients effectively
A105: ME B1.5 | B105: Patients & visitors are sensitised and educated through appropriate IEC / BCC approaches
A106: ME B1.7 | B106: The facility provides information to patients and visitor through an exclusive set-up.
A107: ME B1.8 | B107: The facility ensures access to clinical records of patients to entitled personnel
A108: Standard B2 | B108: Services are delivered in a manner that is sensitive to gender, religious and cultural needs, and there are no barrier on account of physical, economic, cultural or social reasons. | H108: =SUM(D109:D110) -> 0 | I108: =COUNT(D109:D110)*2 -> 2 | J108: =H108*100/I108 -> 0
A109: ME B2.2 | B109: Religious and cultural preferences of patients and attendants are taken into consideration while delivering services
A110: ME B2.3 | B110: Access to facility is provided without any physical barrier & and friendly to people with disabilities | C110: OT is easily accessible | D110: 0 | E110: OB | F110: Availability of Wheel chair or stretcher for easy Access. Door is wide enough for passage of trolley and staff.
A111: ME B2.4 | B111: There is no discrimination on basis of social and economic status of the patients
A112: ME B2.5 | B112: There is affirmative actions to ensure that vulnerable sections can access services
A113: Standard B3 | B113: Facility maintains the privacy, confidentiality & Dignity of patient and related information. | H113: =SUM(D114:D118) -> 0 | I113: =COUNT(D114:D118)*2 -> 10 | J113: =H113*100/I113 -> 0
A114: ME B3.1 | B114: Adequate visual privacy is provided at every point of care | C114: Patients are properly draped/covered before and after procedure | D114: 0 | E114: OB | F114: Look patients are covered while transferred from ward to OT and vice-versa.
C115: Visual Privacy is maintained between two OT Tables | D115: 0 | E115: OB | F115: Preferably only one OT table should be placed in theatre, if it is not possible because of high case load adequate visual privacy should be provided through screens of multiple patients are present in same OT
A116: ME B3.2 | B116: Confidentiality of patients records and clinical information is maintained | C116: Patient Records are kept at secure place beyond access to general staff/visitors | D116: 0 | E116: SI/OB | F116: In drawers/Amirah; preferably with lock facility.
A117: ME B3.3 | B117: The facility ensures the behavior of staff is dignified and respectful, while delivering the services | C117: Behaviour of OT staff is dignified and respectful | D117: 0 | E117: OB/PI | F117: Check that OT staff is not providing care in undignified manner such as yelling, scolding , shouting, blaming and using abusive language
...

Sheet PP Unit
A1: National Quality Assurance Standards | G1: Version- 03/DWH/UP/19
A2: Checklist for Post Partum Unit | G2: 7
A3: Reference No | B3: ME Statement | C3: Checkpoint | D3: Compliance | E3: Assessment Method | F3: Means of Verification | G3: Remarks
B4: Area of Concern - A Service Provision | H4: =H5+H25+H37 -> 0 | I4: =I5+I25+I37 -> 26
A5: Standard A1 | B5: Facility Provides Curative Services | H5: =SUM(D19:D20) -> 0 | I5: =COUNT(D19:D20)*2 -> 4
A6: ME A1.1 | B6: The facility provides General Medicine services
A7: ME A1.2 | B7: The facility provides General Surgery services
A8: ME A1.3 | B8: The facility provides Obstetrics & Gynaecology Services
A9: ME A1.4 | B9: The facility provides Paediatric Services
A10: ME A1.5 | B10: The facility provides Ophthalmology Services
A11: ME A1.6 | B11: The facility provides ENT Services
A12: ME A1.7 | B12: The facility provides Orthopaedics Services
A13: ME A1.8 | B13: The facility provides Skin & VD Services
A14: ME A1.9 | B14: The facility provides Psychiatry Services
A15: ME A1.10 | B15: The facility provides Dental Treatment Services
A16: ME A1.11 | B16: The facility provides AYUSH Services
A17: ME A1.12 | B17: The facility provides Physiotherapy Services
A18: ME A1.13 | B18: The facility provides services for OPD procedures
A19: ME A1.14 | B19: Services are available for the time period as mandated | C19: At least 6 hours of OPD services are available at Family Planning Clinic | D19: 0 | E19: SI/RR
C20: Days for FP Surgeries are fixed | D20: 0 | E20: SI/RR | F20: As per Operational Guidelines for Fixed Day Surgery ( At least one day per week)
A21: ME A1.15 | B21: The facility provides services for Super specialties, as mandated
A22: ME A1.16 | B22: The facility provides Accident & Emergency Services
A23: ME A1.17 | B23: The facility provides Intensive care Services
A24: ME A1.18 | B24: The facility provides Blood bank & transfusion services
A25: Standard A2 | B25: Facility provides RMNCHA Services | H25: =SUM(D26:D36) -> 0 | I25: =COUNT(D26:D36)*2 -> 20
A26: ME A2.1 | B26: The facility provides Reproductive health Services | C26: Availability of Spacing methods of family planning | D26: 0 | E26: SI/OB | F26: IUCD, OCP, ECP & Condoms
C27: Availability of Female Limiting Methods of family Planning | D27: 0 | E27: SI/OB | F27: Tubectomy (Minilap and Laparoscopic)
C28: Availability of Post partum sterilization services | D28: 0 | E28: SI/OB | F28: Tubal Ligation and PPIUD
C29: Availability of Family Planning Counselling and Promotive services | D29: 0 | E29: SI/OB | F29: Counselling and IEC
C30: Abortion and Contraception services for Ist and 2nd trimester | D30: 0 | E30: SI/OB
C31: Postpartum ward | D31: 0 | E31: SI/OB | F31: Dedicated postpartum ward for FP surgeries and abortion clients
A32: ME A2.2 | B32: The facility provides Maternal health Services | C32: Availability of post natal counselling and follow up services | D32: 0 | E32: SI/OB
A33: ME A2.3 | B33: The facility provides Newborn health Services | C33: Availability/Linkage to immunization services | D33: 0 | E33: SI/OB
A34: ME A2.4 | B34: The facility provides Child health Services
A35: ME A2.5 | B35: The facility provides Adolescent health Services | C35: Availability of Abortion services for adolescent | D35: 0 | E35: SI/OB
C36: Availability of Contraception services | D36: 0 | E36: SI/OB
A37: Standard A3 | B37: Facility Provides diagnostic Services | H37: =SUM(D39) -> 0 | I37: =COUNT(D39)*2 -> 2
A38: ME A3.1 | B38: The facility provides Radiology Services
A39: ME A3.2 | B39: The facility Provides Laboratory Services | C39: Availability of point of care diagnostic test | D39: 0 | E39: SI/OB | F39: For sterilization surgeries, availability of haemoglobin, urine analysis for sugar and albumin
A40: ME A3.3 | B40: The facility provides other diagnostic services, as mandated
A41: Standard A4 | B41: Facility provides services as mandated in national Health Programs/ state scheme
A42: ME A4.1 | B42: The facility provides services under National Vector Borne Disease Control Programme as per guidelines
A43: ME A4.2 | B43: The facility provides services under Revised National TB Control Programme as per guidelines
A44: ME A4.3 | B44: The facility provides services under National Leprosy Eradication Programme as per guidelines
A45: ME A4.4 | B45: The facility provides services under National AIDS Control Programme as per guidelines
A46: ME A4.5 | B46: The facility provides services under National Programme for prevention and control of Blindness as per guidelines
A47: ME A4.6 | B47: The facility provides services under Mental Health Programme as per guidelines
A48: ME A4.7 | B48: The facility provides services under National Programme for the health care of the elderly as per guidelines
A49: ME A4.8 | B49: The facility provides services under National Programme for Prevention and control of Cancer, Diabetes, Cardiovascular diseases & Stroke (NPCDCS) as per guidelines
A50: ME A4.9 | B50: The facility Provides services under Integrated Disease Surveillance Programme as per Guidelines
A51: ME A4.10 | B51: The facility provide services under National health Programme for deafness
... A63: ME A6.2 | B63: There is process for consulting community/ or their representatives when planning or revising scope of services of the facility
B64: Area of Concern - B Patient Rights | H64: =H65+H79+H88+H97+H105+H114 -> 0 | I64: =I65+I79+I88+I97+I105+I114 -> 70
A65: Standard B1 | B65: Facility provides the information to care seekers, attendants & community about the available services and their modalities | H65: =SUM(D66:D77) -> 0 | I65: =COUNT(D66:D77)*2 -> 16
A66: ME B1.1 | B66: The facility has uniform and user-friendly signage system | C66: Availability departmental signage's | D66: 0 | E66: OB | F66: (Numbering, main department and internal sectional signage
C67: Restricted area signage are displayed | D67: 0 | E67: OB
A68: ME B1.2 | B68: The facility displays the services and entitlements available in its departments | C68: List of Family Planning Services available | D68: 0 | E68: OB
C69: Compensation for family planning indemnity scheme | D69: 0 | E69: OB
C70: Compensation for family planning services are displayed | D70: 0 | E70: OB
A71: ME B1.3 | B71: The facility has established citizen charter, which is followed at all levels
A72: ME B1.4 | B72: User charges are displayed and communicated to patients effectively
A73: ME B1.5 | B73: Patients & visitors are sensitised and educated through appropriate IEC / BCC approaches | C73: IEC Material regarding family planning displayed | D73: 0 | E73: OB | F73: IEC materials such as posters, banners, and handbills available at the site and displayed
C74: Education material for counselling are available in Counselling room | D74: 0 | E74: OB | F74: Flip charts, models, specimens, and samples of contraceptives available
A75: ME B1.6 | B75: Information is available in local language and easy to understand | C75: Signage's and information are available in local language | D75: 0 | E75: OB
A76: ME B1.7 | B76: The facility provides information to patients and visitor through an exclusive set-up.
A77: ME B1.8 | B77: The facility ensures access to clinical records of patients to entitled personnel
A79: Standard B2 | B79: Services are delivered in a manner that is sensitive to gender, religious and cultural needs, and there are no barrier on account of physical economic, cultural or social reasons. | H79: =SUM(D80:D85) -> 0 | I79: =COUNT(D80:D85)*2 -> 10
A80: ME B2.1 | B80: Services are provided in manner that are sensitive to gender | C80: Availability of female staff if a male doctor examine a female patients | D80: 0 | E80: OB/SI
C81: There is no over emphasis on one method | D81: 0 | E81: SI/PI | F81: Ask Staff/client whether they were convinced for one method or given informed choice
A82: ME B2.2 | B82: Religious and cultural preferences of patients and attendants are taken into consideration while delivering services
A83: ME B2.3 | B83: Access to facility is provided without any physical barrier & and friendly to people with disabilities | C83: Availability of Wheel chair or stretcher for easy Access to the OT | D83: 0 | E83: OB
C84: Availability of ramps with railing | D84: 0 | E84: OB
C85: Availability of disable friendly toilet | D85: 0 | E85: OB
A86: ME B2.4 | B86: There is no discrimination on basis of social and economic status of the patients
A87: ME B2.5 | B87: There is affirmative actions to ensure that vulnerable sections can access services
A88: Standard B3 | B88: Facility maintains the privacy, confidentiality & Dignity of patient and related information. | H88: =SUM(D89:D96) -> 0 | I88: =COUNT(D89:D96)*2 -> 16
A89: ME B3.1 | B89: Adequate visual privacy is provided at every point of care | C89: Availability of screens at IUD insertion room | D89: 0 | E89: OB
C90: Availability of screens at family planning OT | D90: 0 | E90: OB
C91: Patients are properly draped/covered before and after produce | D91: 0 | E91: OB
C92: Privacy at the counselling room is maintained | D92: 0 | E92: OB
A93: ME B3.2 | B93: Confidentiality of patients records and clinical information is maintained | C93: Patient Records are kept at secure place beyond access to general staff/visitors | D93: 0 | E93: SI/OB
C94: No information regarding patient identity and details are unnecessary displayed | D94: 0 | E94: SI/OB
A95: ME B3.3 | B95: The facility ensures the behaviours of staff is dignified and respectful, while delivering the services | C95: Behaviour of staff is empathetic and courteous | D95: 0 | E95: PI/OB
A96: ME B3.4 | B96: The facility ensures privacy and confidentiality to every patient, especially of those conditions having social stigma, and also safeguards vulnerable groups | C96: Confidentiality of Abortion cases | D96: 0 | E96: SI/OB | F96: No entry shall be made in any case sheet , PT register , follow-up card or any other document, register indicating there in the name of the pregnant women . Only reference serial no. is mentioned on all the document
A97: Standard B4 | B97: Facility has defined and established procedures for informing and involving patient and their families about treatment and obtaining informed consent wherever it is required. | H97: =SUM(D98:D104) -> 0 | I97: =COUNT(D98:D104)*2 -> 14
A98: ME B4.1 | B98: There is established procedures for taking informed consent before treatment and procedures | C98: Informed consent for IUD insertion | D98: 0 | E98: SI/RR
C99: Informed consent for family planning surgeries | D99: 0 | E99: SI/RR
C100: Informed consent on prescribed form C for abortion | D100: 0 | E100: SI/RR
A101: ME B4.2 | B101: Patient is informed about his/her rights and responsibilities | C101: Display of reproductive rights of clients | D101: 0 | E101: OB
A102: ME B4.3 | B102: Staff are aware of Patients rights responsibilities | C102: Staff about awareness reproductive rights of clients | D102: 0 | E102: SI
A103: ME B4.4 | B103: Information about the treatment is shared with patients or attendants, regularly | C103: Client is informed about various options of family planning and assisted in decision making | D103: 0 | E103: PI/SI
A104: ME B4.5 | B104: The facility has defined and established grievance redressal system in place | C104: Availability of complaint box and display of process for grievance re addressal and whom to contact is displayed | D104: 0 | E104: OB
A105: Standard B5 | B105: Facility ensures that there are no financial barrier to access and that there is financial protection given from cost of care. | H105: =SUM(D106:D112) -> 0 | I105: =COUNT(D106:D112)*2 -> 12
A106: ME B5.1 | B106: The facility provides cashless services to pregnant women, mothers and neonates as per prevalent government schemes | C106: Drugs, consumables and contraceptives are available free | D106: 0 | E106: PI/SI
C107: All surgical procedure for family planning are free of cost | D107: 0 | E107: PI/SI
A108: ME B5.2 | B108: The facility ensures that drugs prescribed are available at Pharmacy and wards | C108: Check that patient party has not spent on purchasing drugs or consumables from outside. | D108: 0 | E108: PI/SI
A109: ME B5.3 | B109: It is ensured that facilities for the prescribed investigations are available at the facility | C109: Check that patient party has not spent on diagnostics from outside. | D109: 0 | E109: PI/SI
A110: ME B5.4 | B110: The facility provide free of cost treatment to Below poverty line patients without administrative hassles
A111: ME B5.5 | B111: The facility ensures timely reimbursement of financial entitlements and reimbursement to the patients | C111: If any other expenditure occurred it is reimbursed from hospital | D111: 0 | E111: PI/SI/RR
C112: Timely payment of family planning compensation | D112: 0 | E112: PI/SI/RR
...

Sheet Lab
A1: National Quality Assurance Standards | G1: Version- 03/DWH/UP/19
A2: Checklist for Laboratory | G2: 8
A3: Reference no | B3: ME Statement | C3: Checkpoint | D3: Compliance Full/Partial/No | E3: Audit Method | F3: Means of Verification | G3: Remarks
B4: Area of Concern - A Service Provision | H4: =H31+H43+H64 -> 0 | I4: =I31+I43+I64 -> 16
A5: Standard A1 | B5: Facility Provides Curative Services
A6: ME A1.1 | B6: The facility provides General Medicine services
A7: ME A1.2 | B7: The facility provides General Surgery services
A8: ME A1.3 | B8: The facility provides Obstetrics & Gynaecology Services
A9: ME A1.4 | B9: The facility provides Paediatric Services
A10: ME A1.5 | B10: The facility provides Ophthalmology Services
A11: ME A1.6 | B11: The facility provides ENT Services
A12: ME A1.7 | B12: The facility provides Orthopaedics Services
A13: ME A1.8 | B13: The facility provides Skin & VD Services
A14: ME A1.9 | B14: The facility provides Psychiatry Services
A15: ME A1.10 | B15: The facility provides Dental Treatment Services
A16: ME A1.11 | B16: The facility provides AYUSH Services
... A30: ME A 2.5 | B30: The facility provides Adolescent health Services
A31: Standard A3 | B31: Facility Provides diagnostic Services | H31: =SUM(D33:D41) -> 0 | I31: =COUNT(D33:D41)*2 -> 14
A32: ME A3.1 | B32: The facility provides Radiology Services
A33: ME A3.2 | B33: The facility Provides Laboratory Services | C33: All lab services are available in routine working hours | D33: 0 | E33: SI/RR
C34: Emergency lab services are available for selected tests of Haematology, Biochemistry and Serology 24X7 | D34: 0 | E34: SI/RR
C35: Availability of Haematology services | D35: 0 | E35: SI/OB
C36: Availability of Bio chemistry services | D36: 0 | E36: SI/OB
C38: Availability of Cytology services | D38: 0 | E38: SI/OB
C40: Availability of Clinical Pathology services | D40: 0 | E40: SI/OB
C41: Availability of Serology services | D41: 0 | E41: SI/OB
A42: ME A 3.3 | B42: The facility provides other diagnostic services, as mandated
A43: Standard A4 | B43: Facility provides services as mandated in national Health Programs/ state scheme | H43: =SUM(D44:D52) -> 0 | I43: =COUNT(D44:D52)*2 -> 0
A44: ME A4.1 | B44: The facility provides services under National Vector Borne Disease Control Programme as per guidelines
A46: ME A4.2 | B46: The facility provides services under Revised National TB Control Programme as per guidelines
A47: ME A4.3 | B47: The facility provides services under National Leprosy Eradication Programme as per guidelines
A48: ME A4.4 | B48: The facility provides services under National AIDS Control Programme as per guidelines
A49: ME A4.5 | B49: The facility provides services under National Programme for prevention and control of Blindness as per guidelines
A50: ME A 4.6 | B50: The facility provides services under Mental Health Programme as per guidelines
A51: ME A4.7 | B51: The facility provides services under National Programme for the health care of the elderly as per guidelines
A52: ME A4.8 | B52: The facility provides services under National Programme for Prevention and control of Cancer, Diabetes, Cardiovascular diseases & Stroke (NPCDCS) as per guidelines
A53: ME A4.9 | B53: The facility Provides services under Integrated Disease Surveillance Programme as per Guidelines
B54: The facility provide services under National health Programme for Prevention and Control of deafness
B55: The facility provides services as per State specific health programmes
A56: Standard A5 | B56: Facility provides support services
A57: ME A5.1 | B57: The facility provides dietary services
A58: ME A5.2 | B58: The facility provides laundry services
A59: ME A5.3 | B59: The facility provides security services
A60: ME A5.4 | B60: The facility provides housekeeping services
A61: ME A5.5 | B61: The facility ensures maintenance services
A62: ME A5.6 | B62: The facility provides pharmacy services
A63: ME A5.7 | B63: The facility has services of medical record department
A64: Standard A6 | B64: Health services provided at the facility are appropriate to community needs. | H64: =SUM(D65) -> 0 | I64: =COUNT(D65)*2 -> 2
A65: ME A 6.1 | B65: The facility provides curatives & preventive services for the health problems and diseases, prevalent locally. | C65: Laboratory provides specific test for local health problems/ diseases e.g.. Dengue, swine flu etc. | D65: 0 | E65: SI/RR
A66: ME A 6.2 | B66: There is process for consulting community/ or their representatives when planning or revising scope of services of the facility
B67: Area of Concern - B Patient Rights | H67: =H68+H79+H85+H90+H96+H104 -> 0 | I67: =I68+I79+I85+I90+I96+I104 -> 40
A68: Standard B1 | B68: Facility provides the information to care seekers, attendants & community about the available services and their modalities | H68: =SUM(D69:D78) -> 0 | I68: =COUNT(D69:D78)*2 -> 14
A69: ME B1.1 | B69: The facility has uniform and user-friendly signage system | C69: Availability departmental signage's | D69: 0 | E69: OB | F69: (Numbering, main department and internal sectional signage
C70: Restricted area signage are displayed | D70: 0 | E70: OB
A71: ME B1.2 | B71: The facility displays the services and entitlements available in its departments | C71: List of services available are displayed at the entrance | D71: 0 | E71: OB
C72: Timing for collection of sample and delivery of reports are displayed | D72: 0 | E72: OB
A73: ME B1.3 | B73: The facility has established citizen charter, which is followed at all levels
A74: ME B1.4 | B74: User charges are displayed and communicated to patients effectively | C74: User charges in r/o laboratory services are displayed | D74: 0 | E74: OB
A75: ME B1.6 | B75: Patients & visitors are sensitised and educated through appropriate IEC / BCC approaches
A76: ME B1.5 | B76: Information is available in local language and easy to understand | C76: Signage's and information are available in local language | D76: 0 | E76: OB
A77: ME B1.7 | B77: The facility provides information to patients and visitor through an exclusive set-up.
A78: ME B1.8 | B78: The facility ensures access to clinical records of patients to entitled personnel | C78: Lab Reports are provided to Patient in proper printed format | D78: 0 | E78: OB
A79: Standard B2 | B79: Services are delivered in a manner that is sensitive to gender, religiousand cultural needs, and there are no barrier on account of physical , economic, cultural or social reasons. | H79: =SUM(D80:D82) -> 0 | I79: =COUNT(D80:D82)*2 -> 2
A80: ME B2.1 | B80: Services are provided in manner that are sensitive to gender
A81: ME B2.2 | B81: Religious and cultural preferences of patients and attendants are taken into consideration while delivering services
A82: ME B2.3 | B82: Access to facility is provided without any physical barrier & and friendly to people with disabilities | C82: Check the availability of ramp in lab building area /sample collection area | D82: 0 | E82: OB
A83: ME B2.4 | B83: There is no discrimination on basis of social and economic status of the patients
A84: ME B2.5 | B84: There is affirmative actions to ensure that vulnerable sections can access services
A85: Standard B3 | B85: Facility maintains the privacy, confidentiality & Dignity of patient and related information. | H85: =SUM(D87:D89) -> 0 | I85: =COUNT(D87:D89)*2 -> 6
A86: ME B3.1 | B86: Adequate visual privacy is provided at every point of care
A87: ME B3.2 | B87: Confidentiality of patients records and clinical information is maintained | C87: Laboratory has system to ensure the confidentiality of the reports generated | D87: 0 | E87: SI/OB | F87: Laboratory staff do not discuss the lab result outside. And reports are kept in secure place
A88: ME B3.3 | B88: The facility ensures the behaviours of staff is dignified and respectful, while delivering the services | C88: Behaviour of staff is empathetic and courteous | D88: 0 | E88: PI/OB
A89: ME B3.4 | B89: The facility ensures privacy and confidentiality to every patient, especially of those conditions having social stigma, and also safeguards vulnerable groups | C89: HIV positive reports/pregnancy reports are communicated as per NACO guidelines | D89: 0 | E89: SI/OB
A90: Standard B4 | B90: Facility has defined and established procedures for informing and involving patient and their families about treatment and obtaining informed consent wherever it is required. | H90: =SUM(D91:D95) -> 0 | I90: =COUNT(D91:D95)*2 -> 6
A91: ME B4.1 | B91: There is established procedures for taking informed consent before treatment and procedures | C91: Informed Consent is taken before HIV testing, Biopsy and any other invasive procedure | D91: 0 | E91: SI/RR | F91: Before testing HIV patient is informed that test is voluntary and result will be disclosed to him/her only
A92: ME B4.2 | B92: Patient is informed about his/her rights and responsibilities
A93: ME B4.3 | B93: Staff are aware of Patients rights responsibilities
A94: ME B4.4 | B94: Information about the treatment is shared with patients or attendants, regularly | C94: Pre test counselling is given before HIV testing | D94: 0 | E94: PI/SI/RR
A95: ME B4.5 | B95: The facility has defined and established grievance redressal system in place | C95: Availability of complaint box and display of process for grievance re addressal and whom to contact is displayed | D95: 0 | E95: OB
A96: Standard B5 | B96: Facility ensures that there are no financial barrier to access and that there is financial protection given from cost of care. | H96: =SUM(D97:D102) -> 0 | I96: =COUNT(D97:D102)*2 -> 12
A97: ME B5.1 | B97: The facility provides cashless services to pregnant women, mothers and neonates as per prevalent government schemes | C97: Free Diagnostic tests for Pregnant women & Infant | D97: 0 | E97: PI/SI
A98: ME B5.2 | B98: The facility ensures that drugs prescribed are available at Pharmacy and wards | C98: Check that patient party has not incurred expenditure on purchasing consumables from outside. | D98: 0 | E98: PI/SI
A99: ME B5.3 | B99: It is ensured that facilities for the prescribed investigations are available at the facility | C99: Check that patient party has not incurred expenditure on diagnostics from outside. | D99: 0 | E99: PI/SI
C100: Laboratory provides complete list of diagnostic test available to all department of the hospital | D100: 0 | E100: PI/SI
A101: ME B5.4 | B101: The facility provide free of cost treatment to Below poverty line patients without administrative hassles | C101: Tests are free of cost for BPL patients | D101: 0 | E101: PI/SI/RR
A102: ME B5.5 | B102: The facility ensures timely reimbursement of financial entitlements and reimbursement to the patients | C102: Cashless investigation by empanelled lab for JSSK beneficiaries for test not available within the facility | D102: 0 | E102: PI/SI/RR
A103: ME B5.6 | B103: The facility ensure implementation of health insurance schemes as per National /state scheme
A104: Standard B6 | B104: Facility has defined framework for ethical management including dilemmas confronted during delivery of services at public health facilities | H104: =SUM(D105:D115) -> 0 | I104: =COUNT(D105:D115)*2 -> 0
A105: ME B6.1 | B105: Ethical norms and code of conduct for medical and paramedical staff have been established. | C105: Check that hospital administration has defined code of conduct for various cadre of staff | F105: Check for any circular, policy, notice, government order issued that explains the code of conduct for staff such as doctor and nurses.
A106: ME B6.2 | B106: The Facility staff is aware of code of conduct established | C106: Check if staff is aware of code of conduct | F106: Interview doctors and nursing / paramedical staff on sample basis.
A107: ME B6.3 | B107: The Facility has an established procedure for entertaining representatives of drug companies and suppliers | C107: Check hospital has implemented a policy of not entertaining representative of pharma companies within hospital premises | F107: Ask medical superintendent / manager regarding any such circular / instructions issued to the doctors. Check on sample basis if doctors are aware of this policy and do not entertain medical representatives in hospital premises
A108: ME B6.4 | B108: The Facility has an established procedure for medical examination and treatment of individual under judicial or police detention as per prevalent law and government directions | C108: Check hospital administration has aware of protocols for examination and treatment t of individuals brought police | F108: As per state law and supreme court direction
A109: ME B6.5 | B109: There is an established procedure for sharing of hospital/patient data with individuals and external agencies including non governmental organization | C109: Check hospital administration has defined protocols for data sharing | F109: Check list of agencies with which data shared has routinely shred has been prepared . For any other agency a formal permission is sought from competent authorities before sharing the data including international agencies, press and NGOs.
A110: ME B6.6 | B110: There is an established procedure for ‘end-of-life’ care
A111: ME B 6.7 | B111: There is an established procedure for patients who wish to leave hospital against medical advice or refuse to receive specific c treatment | C111: Declaration is taken from the LAMA patient and the consequences are explained
A112: ME B6.8 | B112: There is an established procedure for obtaining informed consent from the patients in case facility is participating in any clinical or public health research | C112: Check hospital ensures that informed consent is taken from patient participating in any clinical or public Health research | F112: Check for policy or practice
A113: ME B6.9 | B113: There is an established procedure to issue of medical certificates and other certificates | C113: Check hospital has documented policy for issuing medical certificates | F113: Check for policy defines List of certificates can be issued by hospital Who can issue certificates Formats shall used for different certificates Record keeping of issued certificate procedures for issuing duplicate certificates
A114: ME B6.10 | B114: There is an established procedure to ensure medical services during strikes or any other mass protest leading to dysfunctional medical services | C114: Hospital has laid strategy to resume the basic emergency and patient care services during strikes | F114: Check hospital administration has made Buffer stock and alternate source pf supplies for consumables Strategy and coordination with local disruption to maintain hospital functions
A115: ME B6.11 | B115: An updated copy of code of ethics under Indian Medical council act is available with the facility | C115: Check code of conduct copies are available at the hospital | F115: Check for availability of printed copies of code of conduct distributed to staff
B116: Area of Concern - C Inputs | H116: =H117+H133+H141+H148+H157+H164+H181 -> 0 | I116: =I117+I133+I141+I148+I157+I164+I181 -> 116
...

Sheet Radiology 
A1: National Quality Assurance Standards | G1: Version- 03/DWH/UP/19
A2: Customized Checklist for Radiology Services | G2: 9
A3: Reference no. | B3: ME Statement | C3: Checkpoint | D3: Compliance Full/Partial/No | E3: Assessment Method | F3: Means of Verification | G3: Remarks
B4: Area of Concern - A Service Provision | H4: =H5+H25+H31 -> 0 | I4: =I5+I25+I31 -> 10
A5: Standard A1 | B5: Facility Provides Curative Services | H5: =SUM(D19:D20) -> 0 | I5: =COUNT(D19:D20)*2 -> 4
A6: ME A1.1 | B6: The facility provides General Medicine services
A7: ME A1.2 | B7: The facility provides General Surgery services
A8: ME A1.3 | B8: The facility provides Obstetrics & Gynaecology Services
A9: ME A1.4 | B9: The facility provides Paediatric Services
A10: ME A1.5 | B10: The facility provides Ophthalmology Services
A11: ME A1.6 | B11: The facility provides ENT Services
A12: ME A1.7 | B12: The facility provides Orthopaedics Services
A13: ME A1.8 | B13: The facility provides Skin & VD Services
A14: ME A1.9 | B14: The facility provides Psychiatry Services
A15: ME A1.10 | B15: The facility provides Dental Treatment Services
A16: ME A1.11 | B16: The facility provides AYUSH Services
A17: ME A1.12 | B17: The facility provides Physiotherapy Services
A18: ME A1.13 | B18: The facility provides services for OPD procedures
A19: ME A1.14 | B19: Services are available for the time period as mandated | C19: Radiology services are available in routine working hours | D19: 0 | E19: SI/RR
C20: Emergency radiology services are available for selected procedure 24X7 | D20: 0 | E20: SI/RR
A21: ME A1.15 | B21: The facility provides services for Super specialties, as mandated
A22: ME A1.16 | B22: The facility provides Accident & Emergency Services
A23: ME A1.17 | B23: The facility provides Intensive care Services
A24: ME A1.18 | B24: The facility provides Blood bank & transfusion services
A25: Standard A2 | B25: Facility provides RMNCHA Services | H25: =SUM(D27) -> 0 | I25: =COUNT(D27)*2 -> 2
A26: ME A2.1 | B26: The facility provides Reproductive health Services
A27: ME A2.2 | B27: The facility provides Maternal health Services | C27: Availability of USG services for Pregnant women | D27: 0 | E27: SI/OB | F27: Fixed days for USG should be avoided,as it may lead to multiple visits by the pregnant women
A28: ME A2.3 | B28: The facility provides Newborn health Services
A29: ME A2.4 | B29: The facility provides Child health Services
A30: ME A2.5 | B30: The facility provides Adolescent health Services
A31: Standard A3 | B31: Facility Provides diagnostic Services | H31: =SUM(D32:D33) -> 0 | I31: =COUNT(D32:D33)*2 -> 4
A32: ME A3.1 | B32: The facility provides Radiology Services | C32: Functional linkage are available for X ray | D32: 0 | E32: SI/OB | F32: for chest, bones, skull, spine and abdomen including special rediography services i.e. Memography , Chest
C33: Availability of ultrasound services | D33: 0 | E33: SI/OB | F33: Pre natal diagnostic procedure: Ultrasonography, Fetoscopy
A34: ME A3.2 | B34: The facility Provides Laboratory Services
A35: ME A3.3 | B35: The facility provides other diagnostic services, as mandated
A36: Standard A4 | B36: Facility provides services as mandated in national Health Programs/ state scheme
A37: ME A4.1 | B37: The facility provides services under National Vector Borne Disease Control Programme as per guidelines
A38: ME A4.2 | B38: The facility provides services under Revised National TB Control Programme as per guidelines
A39: ME A4.3 | B39: The facility provides services under National Leprosy Eradication Programme as per guidelines
A40: ME A4.4 | B40: The facility provides services under National AIDS Control Programme as per guidelines
A41: ME A4.5 | B41: The facility provides services under National Programme for prevention and control of Blindness as per guidelines
A42: ME A4.6 | B42: The facility provides services under Mental Health Programme as per guidelines
A43: ME A4.7 | B43: The facility provides services under National Programme for the health care of the elderly as per guidelines
A44: ME A4.8 | B44: The facility provides services under National Programme for Prevention and control of Cancer, Diabetes, Cardiovascular diseases & Stroke (NPCDCS) as per guidelines
A45: ME A4.9 | B45: The facility Provides services under Integrated Disease Surveillance Programme as per Guidelines
... A58: ME A6.2 | B58: There is process for consulting community/ or their representatives when planning or revising scope of services of the facility
B59: Area of Concern - B Patient Rights | H59: =H60+H71+H77+H82+H88+H95 -> 0 | I59: =I60+I71+I77+I82+I88+I95 -> 36
A60: Standard B1 | B60: Facility provides the information to care seekers, attendants & community about the available services and their modalities | H60: =SUM(D61:D70) -> 0 | I60: =COUNT(D61:D70)*2 -> 14
A61: ME B1.1 | B61: The facility has uniform and user-friendly signage system | C61: Availability departmental signage's | D61: 0 | E61: OB | F61: (Numbering, main department and internal sectional signage
C62: Display of PNDT Notice at USG | D62: 0 | E62: OB | F62: Notice in local language is displayed at entrance of USG department that All persons including the employer, employee or any other person associated with department shall not conduct or associate with or help in carrying out detection or disclosure of sex of foetus in any manner
A63: ME B1.2 | B63: The facility displays the services and entitlements available in its departments | C63: List of services available are displayed at the entrance | D63: 0 | E63: OB
C64: Timing for taking USG and collection of reports are displayed outside the USG depertment/room | D64: 0 | E64: OB
A65: ME B1.3 | B65: The facility has established citizen charter, which is followed at all levels
A66: ME B1.4 | B66: User charges are displayed and communicated to patients effectively | C66: User charges in r/o USG services are displayed at entrance | D66: 0 | E66: OB | F66: Ensure USG services are free for pregent women and it is clearly displayed at entrance
A67: ME B1.5 | B67: Patients & visitors are sensitised and educated through appropriate IEC / BCC approaches
A68: ME B1.6 | B68: Information is available in local language and easy to understand | C68: Signage's and information are available in local language | D68: 0 | E68: OB
A69: ME B1.7 | B69: The facility provides information to patients and visitor through an exclusive set-up.
A70: ME B1.8 | B70: The facility ensures access to clinical records of patients to entitled personnel | C70: Reports are provided to Patient in proper printed format | D70: 0 | E70: OB
A71: Standard B2 | B71: Services are delivered in a manner that is sensitive to gender, religious and cultural needs, and there are no barrier on account of physical economic, cultural or social reasons | H71: =SUM(D72:D74) -> 0 | I71: =COUNT(D72:D74)*2 -> 4
A72: ME B2.1 | B72: Services are provided in manner that are sensitive to gender | C72: Female attendant should accompany female patients during USG procedures | D72: 0 | E72: OB/SI
A73: ME B2.2 | B73: Religious and cultural preferences of patients and attendants are taken into consideration while delivering services
A74: ME B2.3 | B74: Access to facility is provided without any physical barrier & and friendly to people with disabilities | C74: Check the availability of ramp in OPD/ USG room | D74: 0 | E74: OB
A75: ME B2.4 | B75: There is no discrimination on basis of social and economic status of the patients
A76: ME B2.5 | B76: There is affirmative actions to ensure that vulnerable sections can access services
A77: Standard B3 | B77: Facility maintains the privacy, confidentiality & Dignity of patient and related information. | H77: =SUM(D78:D80) -> 0 | I77: =COUNT(D78:D80)*2 -> 6
A78: ME B3.1 | B78: Adequate visual privacy is provided at every point of care | C78: USG department has provision of privacy while taking sonography | D78: 0 | E78: OB | F78: provision of screen
A79: ME B3.2 | B79: Confidentiality of patients records and clinical information is maintained | C79: USG department has system to ensure the confidentiality of the reports generated | D79: 0 | E79: RR/SI | F79: USG staff do not discuss the result of report outside. And it is kept in secure place
A80: ME B3.3 | B80: The facility ensures the behaviours of staff is dignified and respectful, while delivering the services | C80: Behaviour of staff is empathetic and courteous | D80: 0 | E80: PI
A81: ME B3.4 | B81: The facility ensures privacy and confidentiality to every patient, especially of those conditions having social stigma, and also safeguards vulnerable groups
A82: Standard B4 | B82: Facility has defined and established procedures for informing and involving patient and their families about treatment and obtaining informed consent wherever it is required. | H82: =SUM(D83:D87) -> 0 | I82: =COUNT(D83:D87)*2 -> 4
A83: ME B4.1 | B83: There is established procedures for taking informed consent before treatment and procedures | C83: Form F for USG under PNDT maintained for scan of pregnant woman | D83: 0 | E83: RR
A84: ME B4.2 | B84: Patient is informed about his/her rights and responsibilities
A85: ME B4.3 | B85: Staff are aware of Patients rights responsibilities
A86: ME B4.4 | B86: Information about the treatment is shared with patients or attendants, regularly
A87: ME B4.5 | B87: The facility has defined and established grievance redressal system in place | C87: Availability of complaint box and display of process for grievance re addressal and whom to contact is displayed | D87: 0 | E87: OB
A88: Standard B5 | B88: Facility ensures that there are no financial barrier to access and that there is financial protection given from cost of care. | H88: =SUM(D89:D93) -> 0 | I88: =COUNT(D89:D93)*2 -> 8
A89: ME B5.1 | B89: The facility provides cashless services to pregnant women, mothers and neonates as per prevalent government schemes | C89: Free USG services for Pregnant women and infant | D89: 0 | E89: PI/SI
A90: ME B5.2 | B90: The facility ensures that drugs prescribed are available at Pharmacy and wards
A91: ME B5.3 | B91: It is ensured that facilities for the prescribed investigations are available at the facility | C91: Check that patient party has not spent on diagnostics from outside. | D91: 0 | E91: PI/SI
A92: ME B5.4 | B92: The facility provide free of cost treatment to Below poverty line patients without administrative hassles | C92: USG services are free of cost for BPL patients | D92: 0 | E92: PI/SI
A93: ME B5.5 | B93: The facility ensures timely reimbursement of financial entitlements and reimbursement to the patients | C93: Cashless investigation by empanelled lab for JSSK beneficiaries for test not available within the facility | D93: 0 | E93: PI/SI/RR
A94: ME B5.6 | B94: The facility ensure implementation of health insurance schemes as per National /state scheme
A95: Standard B6 | B95: Facility has defined framework for ethical management including dilemmas confronted during delivery of services at public health facilities | H95: =SUM(D96:D106) -> 0 | I95: =COUNT(D96:D106)*2 -> 0
A96: ME B6.1 | B96: Ethical norms and code of conduct for medical and paramedical staff have been established. | C96: Check that hospital administration has defined code of conduct for various cadre of staff | F96: Check for any circular, policy, notice, government order issued that explains the code of conduct for staff such as doctor and nurses.
A97: ME B6.2 | B97: The Facility staff is aware of code of conduct established | C97: Check if staff is aware of code of conduct | F97: Interview doctors and nursing / paramedical staff on sample basis.
A98: ME B6.3 | B98: The Facility has an established procedure for entertaining representatives of drug companies and suppliers | C98: Check hospital has implemented a policy of not entertaining representative of pharma companies within hospital premises | F98: Ask medical superintendent / manager regarding any such circular / instructions issued to the doctors. Check on sample basis if doctors are aware of this policy and do not entertain medical representatives in hospital premises
A99: ME B6.4 | B99: The Facility has an established procedure for medical examination and treatment of individual under judicial or police detention as per prevalent law and government directions | C99: Check hospital administration has aware of protocols for examination and treatment t of individuals brought police | F99: As per state law and supreme court direction
A100: ME B6.5 | B100: There is an established procedure for sharing of hospital/patient data with individuals and external agencies including non governmental organization | C100: Check hospital administration has defined protocols for data sharing | F100: Check list of agencies with which data shared has routinely shred has been prepared . For any other agency a formal permission is sought from competent authorities before sharing the data including international agencies, press and NGOs.
A101: ME B6.6 | B101: There is an established procedure for ‘end-of-life’ care
A102: ME B 6.7 | B102: There is an established procedure for patients who wish to leave hospital against medical advice or refuse to receive specific c treatment | C102: Declaration is taken from the LAMA patient and the consequences are explained
A103: ME B6.8 | B103: There is an established procedure for obtaining informed consent from the patients in case facility is participating in any clinical or public health research | C103: Check hospital ensures that informed consent is taken from patient participating in any clinical or public Health research | F103: Check for policy or practice
A104: ME B6.9 | B104: There is an established procedure to issue of medical certificates and other certificates | C104: Check hospital has documented policy for issuing medical certificates | F104: Check for policy defines List of certificates can be issued by hospital Who can issue certificates Formats shall used for different certificates Record keeping of issued certificate procedures for issuing duplicate certificates
A105: ME B6.10 | B105: There is an established procedure to ensure medical services during strikes or any other mass protest leading to dysfunctional medical services | C105: Hospital has laid strategy to resume the basic emergency and patient care services during strikes | F105: Check hospital administration has made Buffer stock and alternate source pf supplies for consumables Strategy and coordination with local disruption to maintain hospital functions
A106: ME B6.11 | B106: An updated copy of code of ethics under Indian Medical council act is available with the facility | C106: Check code of conduct copies are available at the hospital | F106: Check for availability of printed copies of code of conduct distributed to staff
B107: Area of Concern - C Inputs | H107: =H108+H123+H130+H136+H143+H147+H158 -> 0 | I107: =I108+I123+I130+I136+I143+I147+I158 -> 86
A108: Standard C1 | B108: The facility has infrastructure for delivery of assured services, and available infrastructure meets the prevalent norms | H108: =SUM(D109:D122) -> 0 | I108: =COUNT(D109:D122)*2 -> 28
A109: ME C1.1 | B109: Departments have adequate space as per patient or work load | C109: USG deparment has adequate space for carrying out activities | D109: 0 | E109: OB | F109: Adequate area for reception, waiting, performing USG, keeping equipment/consumbles and storage of records
C110: Availability of adequate waiting area | D110: 0 | E110: OB
A111: ME C1.2 | B111: Patient amenities are provide as per patient load | C111: Attached toilet facility available | D111: 0 | E111: OB | F111: For USG
C112: Facility for potable water in vacinity | D112: 0
...

Sheet Pharmacy
A1: National Quality Assurance Standards | G1: Version- 03/DWH/UP/19
A2: Checklist for Pharmacy | G2: 10
A3: Reference No | B3: ME Statement | C3: Checkpoint | D3: Compliance Full/Partial/No | E3: Assessment Method | F3: Means of Verification | G3: Remarks
B4: Area of Concern - A Service Provision | H4: =H5+H36+H49 -> 0 | I4: =I5+I36+I49 -> 24
A5: Standard A1 | B5: Facility Provides Curative Services | H5: =SUM(D19:D21) -> 0 | I5: =COUNT(D19:D21)*2 -> 6
A6: ME A1.1 | B6: The facility provides General Medicine services
A7: ME A1.2 | B7: The facility provides General Surgery services
A8: ME A1.3 | B8: The facility provides Obstetrics & Gynaecology Services
A9: ME A1.4 | B9: The facility provides Paediatric Services
A10: ME A1.5 | B10: The facility provides Ophthalmology Services | J10: Limited Drugs Available
A11: ME A1.6 | B11: The facility provides ENT Services | J11: Dot Center Not available
A12: ME A1.7 | B12: The facility provides Orthopaedics Services
A13: ME A1.8 | B13: The facility provides Skin & VD Services
A14: ME A1.9 | B14: The facility provides Psychiatry Services
A15: ME A1.10 | B15: The facility provides Dental Treatment Services
A16: ME A1.11 | B16: The facility provides AYUSH Services
A17: ME A1.12 | B17: The facility provides Physiotherapy Services
A18: ME A1.13 | B18: The facility provides services for OPD procedures
A19: ME A1.14 | B19: Services are available for the time period as mandated | C19: Dispensary services are available in OPD hours | D19: 0 | E19: SI/RR
C20: Facility ensure access to drug store after OPD hours | D20: 0 | E20: SI/RR
C21: Generic Drug store is operational 24X7 | D21: 0 | E21: SI/RR
A22: ME A1.15 | B22: The facility provides services for Super specialties, as mandated
A23: ME A1.16 | B23: The facility provides Accident & Emergency Services
A24: ME A1.17 | B24: The facility provides Intensive care Services
A25: ME A1.18 | B25: The facility provides Blood bank & transfusion services
A26: Standard A2 | B26: Facility provides RMNCHA Services
A27: ME A2.1 | B27: The facility provides Reproductive health Services
A28: ME A2.2 | B28: The facility provides Maternal health Services
A29: ME A2.3 | B29: The facility provides Newborn health Services
A30: ME A2.4 | B30: The facility provides Child health Services
A31: ME A2.5 | B31: The facility provides Adolescent health Services
A32: Standard A3 | B32: Facility Provides diagnostic Services
A33: ME A3.1 | B33: The facility provides Radiology Services
... A35: ME A3.3 | B35: The facility provides other diagnostic services, as mandated
A36: Standard A4 | B36: Facility provides services as mandated in national Health Programs/ state scheme | H36: =SUM(D37:D41) -> 0 | I36: =COUNT(D37:D41)*2 -> 10
A37: ME A4.1 | B37: The facility provides services under National Vector Borne Disease Control Programme as per guidelines | C37: Availability of Drugs under NVBDCP | D37: 0 | E37: SI/OB | F37: Chloroquine, Primaquine, ACT (Artemisinin Combination Therapy)
A38: ME A4.2 | B38: The facility provides services under Revised National TB Control Programme as per guidelines | C38: Availability of Drugs under RNTBCP | D38: 0 | E38: SI/OB
A39: ME A4.3 | B39: The facility provides services under National Leprosy Eradication Programme as per guidelines | C39: Availability of Drugs under NLEP | D39: 0 | E39: SI/OB | F39: Rifampicin, Clofazimine, Dapsone
A40: ME A4.4 | B40: The facility provides services under National AIDS Control Programme as per guidelines | C40: Availability of ARV Drugs under NACP | D40: 0 | E40: SI/OB | F40: Zidovudine, Stavudine, Lamivudine, Nevirapine in combination as per NACO
C41: Availability of Drugs for Paediatric HIV management | D41: 0 | E41: SI/OB | F41: Paediatric Dosages FDC 6, FDC 10, Efavirenz, Cotrimoxazole
A42: ME A4.5 | B42: The facility provides services under National Programme for control of Blindness as per guidelines
A43: ME A4.6 | B43: The facility provides services under Mental Health Programme as per guidelines
A44: ME A4.7 | B44: The facility provides services under National Programme for the health care of the elderly as per guidelines
A45: ME A4.8 | B45: The facility provides services under National Programme for Prevention and control of Cancer, Diabetes, Cardiovascular diseases & Stroke (NPCDCS) as per guidelines
A46: ME A4.9 | B46: The facility Provides services under Integrated Disease Surveillance Programme as per Guidelines
A47: ME A4.10 | B47: The facility provide services under National health Programme for deafness
A48: ME A4.11 | B48: The facility provides services as per State specific health programmes
A49: Standard A5 | B49: Facility provides support services | H49: =SUM(D55:D58) -> 0 | I49: =COUNT(D55:D58)*2 -> 8
A50: ME A5.1 | B50: The facility provides dietary services
A51: ME A5.2 | B51: The facility provides laundry services
A52: ME A5.3 | B52: The facility provides security services
A53: ME A5.4 | B53: The facility provides housekeeping services
A54: ME A5.5 | B54: The facility ensures maintenance services
A55: ME A5.6 | B55: The facility provides pharmacy services | C55: Dispensing of Medicines and consumables for OPD Patients | D55: 0 | E55: SI/OB | F55: Functional dispensary
C56: Generic Drug Store | D56: 0 | E56: SI/OB | F56: Functional jan ayushdhalya in premises or equivalent
C57: Storage of drugs | D57: 0 | E57: SI/OB
C58: Cold chain management services | D58: 0 | E58: SI/OB
A59: ME A5.7 | B59: The facility has services of medical record department
A60: Standard A6 | B60: Health services provided at the facility are appropriate to community needs.
A61: ME A6.1 | B61: The facility provides curatives & preventive services for the health problems and diseases, prevalent locally.
A62: ME A6.2 | B62: There is process for consulting community/ or their representatives when planning or revising scope of services of the facility
B63: Area of Concern - B Patient Rights | H63: =H64+H76+H82+H87+H93+H101 -> 0 | I63: =I64+I76+I82+I87+I93+I101 -> 34
A64: Standard B1 | B64: Facility provides the information to care seekers, attendants & community about the available services and their modalities | H64: =SUM(D65:D73) -> 0 | I64: =COUNT(D65:D73)*2 -> 14
A65: ME B1.1 | B65: The facility has uniform and user-friendly signage system | C65: Availability departmental signage's | D65: 0 | E65: OB | F65: (Numbering, main department and internal sectional signage
C66: Directional signage's are displayed in hospital for easy access to Pharmacy/Generic drug store | D66: 0 | E66: OB
A67: ME B1.2 | B67: The facility displays the services and entitlements available in its departments | C67: List of Drugs available displayed at Pharmacy | D67: 0 | E67: OB
C68: Status of availability of drugs is updated daily | D68: 0 | E68: OB
C69: Timing for dispensing counter of pharmacy are displayed | D69: 0 | E69: OB
A70: ME B1.3 | B70: The facility has established citizen charter, which is followed at all levels
A71: ME B1.4 | B71: User charges are displayed and communicated to patients effectively | C71: User charges in r/o services are displayed at entrance of generic drug store | D71: 0 | E71: OB
A72: ME B1.5 | B72: Patients & visitors are sensitised and educated through appropriate IEC / BCC approaches
A73: ME B1.6 | B73: Information is available in local language and easy to understand | C73: Signage's and information are available in local language | D73: 0 | E73: OB
A74: ME B1.7 | B74: The facility provides information to patients and visitor through an exclusive set-up.
A75: ME B1.8 | B75: The facility ensures access to clinical records of patients to entitled personnel
A76: Standard B2 | B76: Services are delivered in a manner that is sensitive to gender, religious and cultural needs, and there are no barrier on account of physical, economic, cultural or social reasons. | H76: =SUM(D77:D79) -> 0 | I76: =COUNT(D77:D79)*2 -> 4
A77: ME B2.1 | B77: Services are provided in manner that are sensitive to gender | C77: Availability of separate Queue for Male and female at dispensing counter | D77: 0 | E77: OB
A78: ME B2.2 | B78: Religious and cultural preferences of patients and attendants are taken into consideration while delivering services
A79: ME B2.3 | B79: Access to facility is provided without any physical barrier & and friendly to people with disabilities | C79: Pharmacy has easy access for moment of goods | D79: 0 | E79: OB | F79: Check for availability of ramp and goods trolley/ cart
A80: ME B2.4 | B80: There is no discrimination on basis of social and economic status of the patients
A81: ME B2.5 | B81: There is affirmative actions to ensure that vulnerable sections can access services
A82: Standard B3 | B82: Facility maintains the privacy, confidentiality & Dignity of patient and related information. | H82: =SUM(D85) -> 0 | I82: =COUNT(D85)*2 -> 2
A83: ME B3.1 | B83: Adequate visual privacy is provided at every point of care
A84: ME B3.2 | B84: Confidentiality of patients records and clinical information is maintained
A85: ME B3.3 | B85: The facility ensures the behaviours of staff is dignified and respectful, while delivering the services | C85: Behaviour of staff is empathetic and courteous | D85: 0 | E85: PI
A86: ME B3.4 | B86: The facility ensures privacy and confidentiality to every patient, especially of those conditions having social stigma, and also safeguards vulnerable groups
A87: Standard B4 | B87: Facility has defined and established procedures for informing and involving patient and their families about treatment and obtaining informed consent wherever it is required. | H87: =SUM(D91:D92) -> 0 | I87: =COUNT(D91:D92)*2 -> 4
A88: ME B4.1 | B88: There is established procedures for taking informed consent before treatment and procedures
A89: ME B4.2 | B89: Patient is informed about his/her rights and responsibilities
A90: ME B4.3 | B90: Staff are aware of Patients rights responsibilities
A91: ME B4.4 | B91: Information about the treatment is shared with patients or attendants, regularly | C91: Method of Administration /taking of the medicines is informed to patient/ their relative by pharmacist as per doctors prescription in OPD Pharmacy | D91: 0 | E91: OB/SI
A92: ME B4.5 | B92: The facility has defined and established grievance redressal system in place | C92: Availability of complaint box and display of process for grievance re addressal and whom to contact is displayed | D92: 0 | E92: OB
A93: Standard B5 | B93: Facility ensures that there are no financial barrier to access and that there is financial protection given from cost of care. | H93: =SUM(D94:D99) -> 0 | I93: =COUNT(D94:D99)*2 -> 10
A94: ME B5.1 | B94: The facility provides cashless services to pregnant women, mothers and neonates as per prevalent government schemes | C94: Free drugs and consumables for JSSK beneficiaries | D94: 0 | E94: PI/SI
A95: ME B5.2 | B95: The facility ensures that drugs prescribed are available at Pharmacy and wards | C95: Pharmacy provides generic drug list to all hospital department | D95: 0 | E95: SI/OB
C96: Check that patient party has not incurred expenditure on purchasing drugs or consumables from outside. | D96: 0 | E96: PI/SI
A97: ME B5.3 | B97: It is ensured that facilities for the prescribed investigations are available at the facility
A98: ME B5.4 | B98: The facility provide free of cost treatment to Below poverty line patients without administrative hassles | C98: Free drugs for BPL patients | D98: 0 | E98: PI/SI/RR
A99: ME B5.5 | B99: The facility ensures timely reimbursement of financial entitlements and reimbursement to the patients | C99: Local purchase of stock out drugs/ Reimbursement of expenditure to the beneficiaries | D99: 0 | E99: PI/SI/RR
A100: ME B5.6 | B100: The facility ensure implementation of health insurance schemes as per National /state scheme
A101: Standard B6 | B101: Facility has defined framework for ethical management including dilemmas confronted during delivery of services at public health facilities | H101: =SUM(D102:D112) -> 0 | I101: =COUNT(D102:D112)*2 -> 0
...

Sheet Auxillary 
A1: National Quality Assurance Standards | G1: Version- 03/DWH/UP/19
A2: Checklist for Auxillary Services | G2: 11
A3: Reference no | B3: ME Statement | C3: Checkpoint | D3: Compliance | E3: Assessment Method | F3: Means of Verification | G3: Remarks
B4: Area of Concern - A Service Provision | H4: =H46+H59+H74+H79+H85 -> 0 | I4: =I46+I59+I74+I79+I85 -> 30
A5: Standard A1 | B5: Facility Provides Curative Services
A6: ME A1.1 | B6: The facility provides General Medicine services
A7: ME A1.2 | B7: The facility provides General Surgery services
A8: ME A1.3 | B8: The facility provides Obstetrics & Gynaecology Services
A9: ME A1.4 | B9: The facility provides Paediatric Services
A10: ME A1.5 | B10: The facility provides Ophthalmology Services
A11: ME A1.6 | B11: The facility provides ENT Services
A12: ME A1.7 | B12: The facility provides Orthopaedics Services
A13: ME A1.8 | B13: The facility provides Skin & VD Services
A14: ME A1.9 | B14: The facility provides Psychiatry Services
A15: ME A1.10 | B15: The facility provides Dental Treatment Services
A16: ME A1.11 | B16: The facility provides AYUSH Services
... A45: ME A4.11 | B45: The facility provides services as per State specific health programmes
A46: Standard A5 | B46: Facility provides support services | H46: =SUM(D47:D54) -> 0 | I46: =COUNT(D47:D54)*2 -> 14
A47: ME A5.1 | B47: The facility provides dietary services | C47: Availability of operational Kitchen | D47: 0 | E47: SI/OB | F47: Functional Kitchen within the premise of the hospital
B48: The facility provides laundry services | C48: Availability of functional laundry | D48: 0 | E48: SI/OB | F48: Arrangement of laundry services inhouse or outsourced
B49: The facility provides security services | C49: Availability of functional security services 24 X7 | D49: 0 | E49: SI/OB
B50: The facility provides housekeeping services | C50: Availability of Housekeeping services 24X7 | D50: 0 | E50: SI/OB
C51: Availability of waste disposal services | D51: 0 | E51: SI/OB | F51: Arrangement for disposal of Bio medical and general waste Inhouse or outsouced
B52: The facility ensures maintenance services | C52: Availability of maintenance services 24X7 | D52: 0 | E52: SI/OB | F52: Includes Physical infrastructure maintenance and equipment maintenance
B53: The facility provides pharmacy services
A54: ME A5.7 | B54: The facility has services of medical record department | C54: Availability of Medical record department | D54: 0 | E54: SI/OB
A55: Standard A6 | B55: Health services provided at the facility are appropriate to community needs.
A56: ME A6.1 | B56: The facility provides curatives & preventive services for the health problems and diseases, prevalent locally.
A57: ME A6.2 | B57: There is process for consulting community/ or their representatives when planning or revising scope of services of the facility
B58: Area of Concern - B Patient Rights | H58: =H59+H74+H79+H85+H92 -> 0 | I58: =I59+I74+I79+I85+I92 -> 16
A59: Standard B1 | B59: Facility provides the information to care seekers, attendants & community about the available services and their modalities | H59: =SUM(D60:D67) -> 0 | I59: =COUNT(D60:D67)*2 -> 6
A60: ME B1.1 | B60: The facility has uniform and user-friendly signage system | C60: Availability of departmental signage for support service department | D60: 0 | E60: OB
A61: ME B1.2 | B61: The facility displays the services and entitlements available in its departments
A62: ME B1.3 | B62: The facility has established citizen charter, which is followed at all levels
A63: ME B1.4 | B63: User charges are displayed and communicated to patients effectively
A64: ME B1.5 | B64: Patients & visitors are sensitised and educated through appropriate IEC / BCC approaches
A65: ME B1.6 | B65: Information is available in local language and easy to understand | C65: Signage's and information are available in local language | D65: 0 | E65: OB
A66: ME B1.7 | B66: The facility provides information to patients and visitor through an exclusive set-up.
A67: ME B1.8 | B67: The facility ensures access to clinical records of patients to entitled personnel | C67: Medical records are provided to patient/ Next to kin on request | D67: 0 | E67: RR/OB
A68: Standard B2 | B68: Services are delivered in a manner that is sensitive to gender, religious and cultural needs, and there are no barrier on account of physical, economic, cultural or social reasons.
A69: ME B2.1 | B69: Services are provided in manner that are sensitive to gender
A70: ME B2.2 | B70: Religious and cultural preferences of patients and attendants are taken into consideration while delivering services
A71: ME B2.3 | B71: Access to facility is provided without any physical barrier & and friendly to people with disabilities
A72: ME B2.4 | B72: There is no discrimination on basis of social and economic status of the patients
A73: ME B2.5 | B73: There is affirmative actions to ensure that vulnerable sections can access services
A74: Standard B3 | B74: Facility maintains the privacy, confidentiality & Dignity of patient and related information. | H74: =SUM(D76:D77) -> 0 | I74: =COUNT(D76:D77)*2 -> 4
A75: ME B3.1 | B75: Adequate visual privacy is provided at every point of care
A76: ME B3.2 | B76: Confidentiality of patients records and clinical information is maintained | C76: MRD has system to maintain Confidentiality of patient records | D76: 0 | E76: SI/RR | F76: Patient records are not shared except the patient until it is authorized by law
A77: ME B3.3 | B77: The facility ensures the behaviours of staff is dignified and respectful, while delivering the services | C77: Behaviour of staff is empathetic and courteous | D77: 0 | E77: PI
A78: ME B3.4 | B78: The facility ensures privacy and confidentiality to every patient, especially of those conditions having social stigma, and also safeguards vulnerable groups
A79: Standard B4 | B79: Facility has defined and established procedures for informing and involving patient and their families about treatment and obtaining informed consent wherever it is required. | H79: =SUM(D84) -> 0 | I79: =COUNT(D84)*2 -> 2
A80: ME B4.1 | B80: There is established procedures for taking informed consent before treatment and procedures
A81: ME B4.2 | B81: Patient is informed about his/her rights and responsibilities
A82: ME B4.3 | B82: Staff are aware of Patients rights responsibilities
A83: ME B4.4 | B83: Information about the treatment is shared with patients or attendants, regularly
A84: ME B4.5 | B84: The facility has defined and established grievance redressal system in place | C84: Availability of complaint box and display of process for grievance re addressal and whom to contact is displayed | D84: 0 | E84: OB
A85: Standard B5 | B85: Facility ensures that there are no financial barrier to access and that there is financial protection given from cost of care. | H85: =SUM(D86:D89) -> 0 | I85: =COUNT(D86:D89)*2 -> 4
A86: ME B5.1 | B86: The facility provides cashless services to pregnant women, mothers and neonates as per prevalent government schemes | C86: Availability of free diet | D86: 0 | E86: PI/SI
A87: ME B5.2 | B87: The facility ensures that drugs prescribed are available at Pharmacy and wards
A88: ME B5.3 | B88: It is ensured that facilities for the prescribed investigations are available at the facility
A89: ME B5.4 | B89: The facility provide free of cost treatment to Below poverty line patients without administrative hassles | C89: Free diet for BPL patients and JSSK beneficiaries | D89: 0 | E89: PI/SI
A90: ME B5.5 | B90: The facility ensures timely reimbursement of financial entitlements and reimbursement to the patients
A91: ME B5.6 | B91: The facility ensure implementation of health insurance schemes as per National /state scheme
A92: Standard B6 | B92: Facility has defined framework for ethical management including dilemmas confronted during delivery of services at public health facilities | H92: =SUM(D93:D103) -> 0 | I92: =COUNT(D93:D103)*2 -> 0
A93: ME B6.1 | B93: Ethical norms and code of conduct for medical and paramedical staff have been established. | C93: Check that hospital administration has defined code of conduct for various cadre of staff | F93: Check for any circular, policy, notice, government order issued that explains the code of conduct for staff such as doctor and nurses.
A94: ME B6.2 | B94: The Facility staff is aware of code of conduct established | C94: Check if staff is aware of code of conduct | F94: Interview doctors and nursing / paramedical staff on sample basis.
A95: ME B6.3 | B95: The Facility has an established procedure for entertaining representatives of drug companies and suppliers | C95: Check hospital has implemented a policy of not entertaining representative of pharma companies within hospital premises | F95: Ask medical superintendent / manager regarding any such circular / instructions issued to the doctors. Check on sample basis if doctors are aware of this policy and do not entertain medical representatives in hospital premises
A96: ME B6.4 | B96: The Facility has an established procedure for medical examination and treatment of individual under judicial or police detention as per prevalent law and government directions | C96: Check hospital administration has aware of protocols for examination and treatment t of individuals brought police | F96: As per state law and supreme court direction
A97: ME B6.5 | B97: There is an established procedure for sharing of hospital/patient data with individuals and external agencies including non governmental organization | C97: Check hospital administration has defined protocols for data sharing | F97: Check list of agencies with which data shared has routinely shred has been prepared . For any other agency a formal permission is sought from competent authorities before sharing the data including international agencies, press and NGOs.
A98: ME B6.6 | B98: There is an established procedure for ‘end-of-life’ care
A99: ME B 6.7 | B99: There is an established procedure for patients who wish to leave hospital against medical advice or refuse to receive specific c treatment | C99: Declaration is taken from the LAMA patient and the consequences are explained
A100: ME B6.8 | B100: There is an established procedure for obtaining informed consent from the patients in case facility is participating in any clinical or public health research | C100: Check hospital ensures that informed consent is taken from patient participating in any clinical or public Health research | F100: Check for policy or practice
A101: ME B6.9 | B101: There is an established procedure to issue of medical certificates and other certificates | C101: Check hospital has documented policy for issuing medical certificates | F101: Check for policy defines List of certificates can be issued by hospital Who can issue certificates Formats shall used for different certificates Record keeping of issued certificate procedures for issuing duplicate certificates
A102: ME B6.10 | B102: There is an established procedure to ensure medical services during strikes or any other mass protest leading to dysfunctional medical services | C102: Hospital has laid strategy to resume the basic emergency and patient care services during strikes | F102: Check hospital administration has made Buffer stock and alternate source pf supplies for consumables Strategy and coordination with local disruption to maintain hospital functions
A103: ME B6.11 | B103: An updated copy of code of ethics under Indian Medical council act is available with the facility | C103: Check code of conduct copies are available at the hospital | F103: Check for availability of printed copies of code of conduct distributed to staff
B104: Area of Concern - C Inputs | H104: =H105+H120+H126+H133+H143+H148+H161 -> 0 | I104: =I105+I120+I126+I133+I143+I148+I161 -> 84
A105: Standard C1 | B105: The facility has infrastructure for delivery of assured services, and available infrastructure meets the prevalent norms | H105: =SUM(D106:D118) -> 0 | I105: =COUNT(D106:D119)*2 -> 24
A106: ME C1.1 | B106: Departments have adequate space as per patient or work load | C106: Dietary Department has adequate space as per requirement | D106: 0 | E106: OB | F106: 15-20 sq ft/bed space requirement for 100 and more than 100 bed hospital.
C107: Laundry Department has adequate space as per requirement | D107: 0 | E107: OB | F107: Minimum space requirement 10sq ft/bed
C108: Medical record Department has adequate space as per requirement | D108: 0 | E108: OB | F108: Minimum space requirement is 2.5 to 3,5 sq ft per bed
A109: ME C1.2 | B109: Patient amenities are provide as per patient load
A110: ME C1.3 | B110: Departments have layout and demarcated areas as per functions | C110: Check Dietary department has demarcated and dedicated area for various activities | D110: 0 | E110: OB | F110: Layout as per functional flow that is receipt, storage, daily storage, preparation, Cooking area ,Service area, dish washing area, Garbage collection area and administrative area.
C111: Check laundry department has demarcated and dedicated area for its various activities | D111: 0 | E111: OB | F111: Layout as per functional flow that is from dirty end (receipt) to clean end (Issue). That is receipt, sorting, sluicing, washing, drying, ironing and issue
C112: Availability of complaint box and display of process for grievance redressal and whom to contact is displayed | D112: 0 | E112: OB | F112: Layout as per functional flow that is receipt, checking of completion of records, indexing and filling of records, storage.
A113: ME C1.4 | B113: The facility has adequate circulation area and open spaces according to need and local law | C113: Availability of adequate circulation area for easy moment of staff , goods and food trolley in dietary department | D113: 0 | E113: OB
C114: Availability of adequate circulation area for easy moment of staff, equipments and carts in laundry | D114: 0 | E114: OB
C115: Availability of adequate circulation area in MRD | D115: 0 | E115: OB
A116: ME C1.5 | B116: The facility has infrastructure for intramural and extramural communication | C116: All support services department are connected with intercom | D116: 0 | E116: OB
A117: ME C1.6 | B117: Service counters are available as per patient load | C117: Unidirectional flow of goods and services in dietary services | D117: 0 | E117: OB
C118: Unidirectional flow of goods and services in laundry services | D118: 0 | E118: OB
A119: ME C1.7 | B119: The facility and departments are planned to ensure structure follows the function/processes (Structure commensurate with the function of the hospital)
A120: Standard C2 | B120: The facility ensures the physical safety of the infrastructure. | H120: =SUM(D121:D125) -> 0 | I120: =COUNT(D121:D125)*2 -> 8
A121: ME C2.1 | B121: The facility ensures the seismic safety of the infrastructure | C121: Non structural components are properly secured | D121: 0 | E121: OB | F121: Check for fixtures and furniture like cupboards, cabinets, and heavy equipments , hanging objects are properly fastened and secured
A122: ME C2.2 | B122: The facility ensures safety of lifts and lifts have required certificate from the designated bodies/ board
A123: ME C2.3 | B123: The facility ensures safety of electrical establishment | C123: Support services departments does not have temporary connections and loosely hanging wires | D123: 0 | E123: OB
C124: Equipments in wet areas like Laundry and Kitchen are equipped with ground fault protection and designed for wet conditions | D124: 0 | E124: OB
A125: ME C2.4 | B125: Physical condition of buildings are safe for providing patient care | C125: Floors of the Support services are non slippery and even | D125: 0 | E125: OB
A126: Standard C3 | B126: The facility has established Programme for fire safety and other disaster | H126: =SUM(D127:D132) -> 0 | I126: =COUNT(D127:D132)*2 -> 12
A127: ME C3.1 | B127: The facility has plan for prevention of fire | C127: Building has sufficient fire exit to permit safe escape to its occupant at time of fire | D127: 0 | E127: OB/SI | F127: dietary department laundry and Medical record department
C128: Check the fire exits are clearly visible and routes to reach exit are clearly marked. | D128: 0 | E128: OB | F128: dietary department laundry and Medical record department
...

Sheet General
A1: National Quality Assurance Standards | G1: Version- 03/DWH/UP/19
A2: Checklist for General Administration | G2: 12
A3: Reference No. | B3: ME Statement | C3: Checkpoint | D3: Compliance | E3: Assessment Method | F3: Means of Verification | G3: Remarks
B4: Area of Concern - A Service Provision | H4: =H5+H25+H33+H38+H51+H60 -> 0 | I4: =I5+I25+I33+I38+I51+I60 -> 34
A5: Standard A1 | B5: Facility Provides Curative Services | H5: =SUM(D21:D24) -> 0 | I5: =COUNT(D21:D24)*2 -> 2
A6: ME A1.1. | B6: The facility provides General Medicine services
A7: ME A1.2. | B7: The facility provides General Surgery services
A8: ME A1.3. | B8: The facility provides Obstetrics & Gynaecology Services
A9: ME A1.4. | B9: The facility provides Paediatric Services
A10: ME A1.5. | B10: The facility provides Ophthalmology Services
A11: ME A1.6 | B11: The facility provides ENT Services
A12: ME A1.7. | B12: The facility provides Orthopaedics Services
A13: ME A1.8 | B13: The facility provides Skin & VD Services
A14: ME A1.9 | B14: The facility provides Psychiatry Services
A15: ME A1.10 | B15: The facility provides Dental Treatment Services
A16: ME A1.11 | B16: The facility provides AYUSH Services
A17: ME A1.12 | B17: The facility provides Physiotherapy Services
... A20: ME A1.15. | B20: The facility provides services for Super specialties, as mandated
A21: ME A1.16. | B21: The facility provides Accident & Emergency Services | C21: Availability of functional A& E department | D21: 0 | E21: SI/OB
A23: ME A1.17. | B23: The facility provides Intensive care Services
A24: ME A1.18. | B24: The facility provides Blood bank & transfusion services
A25: Standard A2 | B25: Facility provides RMNCHA Services | H25: =SUM(D26:D31) -> 0 | I25: =COUNT(D26:D31)*2 -> 4
A26: ME A 2.1. | B26: The facility provides Reproductive health Services | C26: Availability of Post Partum unit at the facility | D26: 0 | E26: SI/OB
A27: ME A2.2. | B27: The facility provides Maternal health Services
A28: ME A2.3. | B28: The facility provides Newborn health Services | C28: Availability of functional SNCU | D28: 0 | E28: SI/OB
A29: ME A2.4. | B29: The facility provides Child health Services
A32: ME A2.5. | B32: The facility provides Adolescent health Services
A33: Standard A3 | B33: Facility Provides diagnostic Services | H33: =SUM(D34:D37) -> 0 | I33: =COUNT(D34:D37)*2 -> 6
A34: ME A3.1. | B34: The facility provides Radiology Services | C34: Availability of X-Ray Unit | D34: 0 | E34: SI/OB | F34: Availability of in-house services. Partial Compliance if it is outsourced
A35: . | C35: Availability of Ultrasound services | D35: 0 | E35: SI/OB | F35: Availability of in-house services. Partial Compliance if it is outsourced
A36: .
A37: ME A3.2 | B37: The facility Provides Laboratory Services | C37: Availability of In-house lab | D37: 0 | E37: SI/OB | F37: If lab is outsourced than give partial compliance
A38: Standard A4 | B38: Facility provides services as mandated in national Health Programs/ state scheme | H38: =SUM(D41:D50) -> 0 | I38: =COUNT(D41:D48)*2 -> 4
A39: ME A4.1 | B39: The facility provides services under National Vector Borne Disease Control Programme as per guidelines
A40: ME A4.2 | B40: The facility provides services under Revised National TB Control Programme as per guidelines
A41: ME A4.3 | B41: The facility provides services under National Leprosy Eradication Programme as per guidelines
A42: ME A4.4 | B42: The facility provides services under National AIDS Control Programme as per guidelines | C42: Availability Functional ICTC is available | D42: 0 | E42: SI/OB
A44: ME A4.5 | B44: The facility provides services under National Programme for prevention and control of Blindness as per guidelines
A45: ME A 4.6 | B45: The facility provides services under Mental Health Programme as per guidelines
A46: ME A4.7. | B46: The facility provides services under National Programme for the health care of the elderly as per guidelines
A47: ME A4.8. | B47: The facility provides services under National Programme for Prevention and control of Cancer, Diabetes, Cardiovascular diseases & Stroke (NPCDCS) as per guidelines
A48: ME A4.9 | C48: Hospital disseminate the list of conditions to be reported to all clinical department | D48: 0 | E48: SI/RR
B49: The facility provide services under National health Programme for deafness
B50: The facility provides services as per State specific health programmes
A51: Standard A5 | B51: Facility provides support services | H51: =SUM(D52:D59) -> 0 | I51: =COUNT(D52:D59)*2 -> 14
A52: ME A5.1. | B52: The facility provides dietary services | C52: Availability of dietary service | D52: 0 | E52: SI/OB
A53: ME A5.2. | B53: The facility provides laundry services | C53: Availability of laundry services | D53: 0 | E53: SI/OB
A54: ME A5.3. | B54: The facility provides security services | C54: Availability of security services | D54: 0 | E54: SI/OB
A55: ME A5.4. | B55: The facility provides housekeeping services | C55: Availability of Housekeeping services | D55: 0 | E55: SI/OB
A56: ME A5.5. | B56: The facility ensures maintenance services | C56: Availability of maintenance services | D56: 0 | E56: SI/OB
A57: ME A5.6. | B57: The facility provides pharmacy services | C57: Availability of drug storage and dispensing services | D57: 0 | E57: SI/OB
A58: ME A5.7. | B58: The facility has services of medical record department | C58: Availability of Medical record services | D58: 0 | E58: SI/OB
A59: ME A5.8 | B59: The facility provides mortuary services | C59: Availability of mortuary services
A60: Standard A6 | B60: Health services provided at the facility are appropriate to community needs. | H60: =SUM(D61:D63) -> 0 | I60: =COUNT(D61:D63)*2 -> 4
A61: ME A 6.1. | B61: The facility provides curatives & preventive services for the health problems and diseases, prevalent locally.
A62: ME A 6.2. | B62: There is process for consulting community/ or their representatives when planning or revising scope of services of the facility | C62: Community representative are Consulted while revising or expanding the scope of service | D62: 0 | E62: SI/RR
C63: User charges if any are decided in consultation with user groups /RKS | D63: 0 | E63: SI/RR
B64: Area of Concern - B Patient Rights | H64: =H65+H95+H119+H124+H138+H145 -> 0 | I64: =I65+I95+I119+I124+I138+I145 -> 162
A65: Standard B1 | B65: Facility provides the information to care seekers, attendants & community about the available services and their modalities | H65: =SUM(D66:D93) -> 0 | I65: =COUNT(D66:D93)*2 -> 54
A66: ME B1.1. | B66: The facility has uniform and user-friendly signage system | C66: Name of the facility prominently displayed at front of hospital building | D66: 0 | E66: OB
A67: . | C67: ﻿Hospital lay out with location and name of the departments are displayed at the entrance. | D67: 0 | E67: OB
A68: . | C68: Hospital has established directional signage | D68: 0 | E68: OB
A69: . | C69: List of departments are displayed | D69: 0 | E69: OB
C70: All signage are in uniform colour scheme | D70: 0 | E70: OB
C71: Signage's are user friendly and pictorial | D71: 0 | E71: OB
A72: ME B1.2 | B72: The facility displays the services and entitlements available in its departments | C72: Services not available are displayed | D72: 0 | E72: OB
C73: Availability of administrative services like handicap certificate, death certificate services are displayed. | D73: 0 | E73: OB
C74: Processing time for issuing documents and Medical records are displayed | D74: 0 | E74: OB
C75: Mandatory information under RTI is displayed | D75: 0 | E75: OB
A76: ME B1.3. | B76: The facility has established citizen charter, which is followed at all levels | C76: Citizen charter is established in the facility | D76: 0 | E76: OB
A77: . | C77: Citizen charter includes the service Available at the facility | D77: 0 | E77: OB
C78: Citizen Charter Includes the Timings of different services available | D78: 0 | E78: OB
C79: Citizen Charter Includes Rights of Patients | D79: 0 | E79: OB
C80: Citizen Charter Includes Responsibilities of Patients and Visitors | D80: 0 | E80: OB
C81: Citizen Charters Includes Beds available | D81: 0 | E81: OB
C82: Citizen Charter Includes the Standards and Quality of services Provided | D82: 0 | E82: OB
C83: Citizen Charters Includes Complaints and Grievances Mechanism | D83: 0 | E83: OB
C84: Citizen Charter Includes Mention of Services available on payment if any | D84: 0 | E84: OB
C85: Citizen Charter Includes about person and place avail Information and assistance | D85: 0 | E85: OB
C86: Citizen Charter Includes the Cycle time for Critical Processes | D86: 0 | E86: OB
A87: ME B1.4 | B87: User charges are displayed and communicated to patients effectively | C87: Facility prepares a comprehensive list of user charges and display at strategic point in the hospital | D87: 0 | E87: OB
A88: ME B1.5 | B88: Patients & visitors are sensitised and educated through appropriate IEC / BCC approaches
A89: ME B1.6. | B89: Information is available in local language and easy to understand | C89: Signage's and information are available in local language | D89: 0 | E89: OB | H89: =(OPD!H586+'Maternity Ward'!H543+'SNCU '!H589+'PP Unit'!H591+Lab!H496+'Radiology '!H438+'Auxillary '!H476+General!H683)/(OPD!H586+'Maternity Ward'!H543+'SNCU '!H589+'PP Unit'!H591+Lab!H496+'Radiology '!H438+'Auxillary '!H476+General!H683)*100 -> #DIV/0!
A90: ME B1.7. | B90: The facility provides information to patients and visitor through an exclusive set-up. | C90: A dedicated facilitation counter/rogi sahayata kendra available | D90: 0 | E90: OB
A91: . | C91: Information regarding services available at the counter | D91: 0 | E91: OB
A92: . | C92: Important contact no. are available at the counter | D92: 0 | E92: OB
A93: . | C93: Availability of ASHA help desk | D93: 0 | E93: OB
A94: ME B1.8 | B94: The facility ensures access to clinical records of patients to entitled personnel
A95: Standard B2 | B95: Services are delivered in a manner that is sensitive to gender, religious and cultural needs, and there are no barrier on account of physical economic, cultural or social reasons | H95: =SUM(D96:D118) -> 0 | I95: =COUNT(D96:D118)*2 -> 46
A96: ME B2.1 | B96: Services are provided in manner that are sensitive to gender | C96: Hospital has defined policy for non discrimination according to gender | D96: 0 | E96: SI/PI
A97: ME B2.2 | B97: Religious and cultural preferences of patients and attendants are taken into consideration while delivering services | C97: Availability of complaint box and display of process for grievance redresaal and whom to contact is displayed | D97: 0 | E97: PI/RR
C98: Environment of the health facility should be inclusive of all religious faiths | D98: 0 | E98: OB
C99: Staff is respectful to patients religious and cultural beliefs | D99: 0 | E99: PI/SI
C100: Hospital has defined policy to ensure the religious and cultural preferences of the patient | D100: 0 | E100: RR/SI
A101: ME B2.3. | B101: Access to facility is provided without any physical barrier & and friendly to people with disabilities | C101: Approach road to hospital is accessible without congestion or encroachment | D101: 0 | E101: OB
C102: Internal Pathways and corridors of the facility are without any obstruction / Protruding Object | D102: 0 | E102: OB
C103: There are no open manholes/Potholes at access road and internal pathways | D103: 0 | E103: OB
C104: Hospital has defined policy to provide barrier free services to patient | D104: 0 | E104: OB
C105: Ramps shall have a slope of conducive for use | D105: 0 | E105: OB | F105: Gradient not be steeper than 1:12
C106: Ramps are provide with slip resistance surface | D106: 0 | E106: OB
...
